 Dungeon Crawl Stone Soup version 0.31-a0-631-g285b096dc4 (webtiles) character file.

Game seed: 16786649082113143573

3222860 MackTheKnife the Sorcerer (level 26, 239/239 HPs)
             Began as a Demonspawn Earth Elementalist on Aug 24, 2023.
             Was the Champion of Ashenzari.
             Escaped with the Orb
             ... and 5 runes on Aug 26, 2023!
             The game lasted 03:27:09 (67522 turns).

MackTheKnife the Sorcerer (DsEE)                   Turns: 67522, Time: 03:27:09

Health: 239/239    AC: 21    Str:  9    XL:     26   Next: 59%
Magic:  53/53      EV: 32    Int: 35    God:    Ashenzari [******]
Gold:   3512       SH: 18    Dex: 30    Spells: 10/78 levels left

rFire   + . .        X - staff of Ashenzari's Shame (curse) {rPois rCorr Int+5 Dex+7 Poison, !astaff, Bglg, Alch} (curse)
rCold   + + .        N - +1 buckler "I Knew You'd Do That" {rF+, Melee, Fort} (curse)
rNeg    + . .        J - +3 troll leather armour of the Unyielding Gaze {Regen+, Range, Fort} (curse)
rPois   +            u - +1 helmet "Chained With Me" {Int+3, Fort, Cun} (curse)
rElec   +            k - +2 ratskin cloak {*Rats rPois rN+ Str-1 Int-1 Dex+1, Bglg, Self} (curse)
rCorr   +            x - +2 pair of gloves of the Ruined Ether {Dex+3, Elem, Dev} (curse)
SInv    +            (boots unavailable)
Will    ++++.        i - amulet of the Fated Oblivion {RegenMP Will++ Int+2, Self, Comp} (curse)
Stlth   ++           y - ring "Ensconced Together" {rC+ Will+ AC+4 Dex+4, Comp, Elem} (curse)
HPRegen 1.39/turn    V - ring of Ashenzari's Nihilism {rElec rC+ rCorr, Self, Comp} (curse)
MPRegen 1.06/turn

%: clarity, guardian spirit
@: studying 2 skills
A: hooves 3, large bone plates 3, augmentation 3, magic shield, magic
regeneration, magic link, demonic magic 2, screaming 1
0: Orb of Zot
}: 5/15 runes: barnacled, slimy, silver, abyssal, gossamer
a: Renounce Religion, Shatter the Chains


You escaped.
You worshipped Ashenzari.
Ashenzari was exalted by your worship.
You visited 11 branches of the dungeon, and saw 53 of its levels.
You visited the Abyss 1 time.
You visited 1 bazaar.
You also visited: Sewer.

You collected 8684 gold pieces.
You spent 5172 gold pieces at shops.


Innate Abilities, Weirdness & Mutations

You have hooves in place of feet.
You are completely covered in large bone plates. (SH +8)
Your magical and physical power is greatly enhanced at high health.
When hurt, damage is shared between your health and your magic reserves.
You regenerate magic rapidly.
When low on magic, you restore magic in place of health.
Spells you cast may paralyse nearby enemies.
You occasionally shout uncontrollably at your foes.


   Skills:
 + Level 22.1(26.3) Fighting
 - Level 9.6(12.1) Short Blades
 - Level 7.0(11.7) Armour
 - Level 16.9(19.2) Dodging
 - Level 4.9(7.3) Stealth
 - Level 6.2(10.8) Shields
 + Level 22.5(26.7) Spellcasting
 - Level 14.1(17.7) Conjurations
 - Level 14.1(17.7) Hexes
 - Level 12.5(17.2) Summonings
 - Level 6.5(11.2) Necromancy
 - Level 5.2(7.6) Transmutations
 - Level 8.0(11.7) Fire Magic
 - Level 4.6(8.0) Ice Magic
 - Level 15.6(19.1) Air Magic
 - Level 7.0(10.7) Earth Magic
 - Level 7.0(9.5) Evocations


You had 10 spell levels left.
You knew the following spells:

 Your Spells              Type           Power      Damage    Failure   Level
a - Maxwell's Capacitive  Air            79%        ∞         1%          8
b - Borgnjor's Vile Clut  Necr/Erth      67%        N/A       1%          5
c - Yara's Violent Unrav  Hex/Tmut       69%        3d26      1%          5
d - Irradiate             Conj/Tmut      69%        3d34      1%          5
e - Freezing Cloud        Conj/Ice/Air   73%        6-21      1%          5
f - Leda's Unmaking       Conj/Erth      72%        9d12      1%          6
g - Spellforged Servitor  Conj/Summ      76%        N/A       1%          7
h - Monstrous Menagerie   Summ           76%        N/A       1%          7
i - Death Channel         Necr           67%        N/A       1%          6
j - Plasma Beam           Fire/Air       74%        2x1d91    1%          6
k - Discord               Hex            77%        N/A       3%          8

Your spell library contained the following spells:

 Spells                   Type           Power      Damage    Failure   Level
 Foxfire                  Conj/Fire      100%       2x1d9     0%          1
 Kiss of Death            Conj/Necr      100%       2d13      0%          1
 Magic Dart               Conj           100%       1d8       0%          1
 Necrotise                Necr           100%       1d9       0%          1
 Sandblast                Erth           100%       2d20      0%          1
 Shock                    Conj/Air       100%       1d9       0%          1
 Slow                     Hex            100%       N/A       0%          1
 Summon Small Mammal      Summ           100%       N/A       0%          1
 Cigotuvi's Dreadful Rot  Necr/Pois/Air  100%       N/A       0%          2
 Ensorcelled Hibernation  Hex/Ice        100%       N/A       0%          2
 Searing Ray              Conj           100%       2d8       0%          2
 Sublimation of Blood     Necr           100%       N/A       0%          2
 Call Canine Familiar     Summ           100%       N/A       0%          3
 Confusing Touch          Hex            100%       N/A       0%          3
 Dazzling Flash           Conj/Hex       100%       N/A       0%          3
 Hailstorm                Conj/Ice       100%       3d20      0%          3
 Inner Flame              Hex/Fire       100%       N/A       0%          3
 Mephitic Cloud           Conj/Pois/Air  100%       N/A       0%          3
 Stone Arrow              Conj/Erth      100%       3d13      0%          3
 Summon Guardian Golem    Hex/Summ       100%       N/A       0%          3
 Swiftness                Air            100%       N/A       0%          3
 Tukima's Dance           Hex            100%       N/A       0%          3
 Airstrike                Air            79%        2d(12-28) 0%          4
 Fulminant Prism          Conj/Hex       77%        3d32      0%          4
 Arcjolt                  Conj/Air       78%        1d88      0%          5
 Iskenderun's Battlesphe  Conj           100%       2d15      0%          5
 Silence                  Hex/Air        78%        N/A       0%          5
 Summon Mana Viper        Hex/Summ       100%       N/A       0%          5
 Freeze                   Ice            100%       1d10      1%          1
 Blink                    Tloc           100%       N/A       1%          2
 Lesser Beckoning         Tloc           100%       N/A       1%          2
 Momentum Strike          Conj/Tloc      100%       3d10      1%          2
 Passwall                 Tmut/Erth      100%       N/A       1%          2
 Poisonous Vapours        Pois/Air       100%       N/A       1%          2
 Wereblood                Tmut           100%       N/A       1%          2
 Frozen Ramparts          Ice            100%       1d16      1%          3
 Ignite Poison            Fire/Tmut/Pois 100%       N/A       1%          3
 Portal Projectile        Hex/Tloc       100%       N/A       1%          3
 Vampiric Draining        Necr           100%       2d13      1%          3
 Vhi's Electric Charge    Tloc/Air       100%       N/A       1%          3
 Volatile Blastmotes      Fire/Tloc      100%       2d18      1%          3
 Anguish                  Hex/Necr       72%        N/A       1%          4
 Animate Dead             Necr           100%       N/A       1%          4
 Dispel Undead            Necr           100%       3d31      1%          4
 Iskenderun's Mystic Bla  Conj/Tloc      100%       2d19      1%          4
 Leda's Liquefaction      Hex/Erth       72%        N/A       1%          4
 Petrify                  Tmut/Erth      100%       N/A       1%          4
 Sticky Flame             Conj/Fire      100%       2d11      1%          4
 Summon Ice Beast         Ice/Summ       100%       N/A       1%          4
 Agony                    Necr           100%       N/A       1%          5
 Fireball                 Conj/Fire      73%        3d27      1%          5
 Metabolic Englaciation   Hex/Ice        70%        N/A       1%          5
 Conjure Ball Lightning   Conj/Air       78%        3x3d30    1%          6
 Starburst                Conj/Fire      73%        6d19      1%          6
 Haunt                    Necr/Summ      72%        N/A       1%          7
 Orb of Destruction       Conj           77%        9d17      1%          7
 Simulacrum               Ice/Necr       64%        N/A       2%          6
 Manifold Assault         Tloc           84%        N/A       6%          4
 Passage of Golubria      Tloc           84%        N/A       6%          4
 Eringya's Noxious Bog    Tmut/Pois      64%        4d6       22%         6
 Chain Lightning          Conj/Air       78%        3d104     36%         9
 Ignition                 Fire           68%        3d18      38%         8
 Dispersal                Tloc           42%        N/A       67%         6
 Fire Storm               Conj/Fire      73%        8d18      88%         9
 Disjunction              Tloc           42%        N/A       100%        8
 Shatter                  Erth           66%        3d49*     100%        9

Inventory:

Armour
 k - the cursed +2 ratskin cloak (worn) {*Rats rPois rN+ Str-1 Int-1 Dex+1, Bglg, Self}
   (You found it on level 8 of the Dungeon)

   *Rats:     When the wearer is hurt, rats may emerge from it to assist them.
   Str-1:     It affects your strength (-1).
   Int-1:     It affects your intelligence (-1).
   Dex+1:     It affects your dexterity (+1).
   rPois:     It protects you from poison rN+: It protects you from negative
   energy.
   It has a curse which improves the following skills: Beguiling: Conjurations,
   Hexes and Translocations.
   Introspection: Fighting and Spellcasting.
 u - the cursed +1 helmet "Chained With Me" (worn) {Int+3, Fort, Cun}
   (You bought it in a shop on level 12 of the Dungeon)

   It has a curse which improves the following skills: Fortitude: Armour and
   Shields.
   Cunning:   Dodging and Stealth.
 x - the cursed +2 pair of gloves of the Ruined Ether (worn) {Dex+3, Elem, Dev}
   (You acquired it on level 15 of the Dungeon)

   It has a curse which improves the following skills: Elements: Fire Magic, Ice
   Magic, Air Magic and Earth Magic.
   Devices:   Evocations and Shapeshifting.
 I - quicksilver dragon scales {rare}
   (You found it on level 2 of the Realm of Zot)
 J - the cursed +3 troll leather armour of the Unyielding Gaze (worn) {Regen+, Range, Fort}
   (You found it on level 2 of the Orcish Mines)

   Regen+:    It increases your rate of health regeneration.
   It has a curse which improves the following skills: Ranged Combat: Ranged
   Weapons and Throwing.
   Fortitude: Armour and Shields.
 N - the cursed +1 buckler "I Knew You'd Do That" (worn) {rF+, Melee, Fort}
   (You took it off a spriggan on level 5 of the Lair of Beasts)

   It has a curse which improves the following skills: Melee Combat: Short
   Blades, Long Blades, Axes, Maces & Flails, Polearms, Staves and Unarmed
   Combat.
   Fortitude: Armour and Shields.
 R - the +3 crown of Dyrovepreva {rElec Int+2 SInv}
   (You found it on level 5 of the Pits of Slime)

   Int+2:     It affects your intelligence (+2).
   rElec:     It insulates you from electricity.
   SInv:      It lets you see invisible.
 T - the +0 leather armour of New Discoveries {Rampage}
   (You found it on level 5 of the Pits of Slime)

   Rampage:   It bestows one free step when moving towards enemies.
Magical Staves
 X - the cursed staff of Ashenzari's Shame (weapon) {rPois rCorr Int+5 Dex+7 Poison, !astaff, Bglg, Alch}
   (You found it on level 3 of the Elven Halls)

   [staff of poison]

   Base accuracy: +5 Base damage: 5 Base attack delay: 1.2 This weapon's minimum
   attack delay (0.6) is reached at skill level 12.
   Int+5:     It affects your intelligence (+5).
   Dex+7:     It affects your dexterity (+7).
   rPois:     It protects you from poison rCorr: It protects you from acid and
   corrosion.
   Poison:    It increases the power of your Poison spells.
   It falls into the 'Staves' category.
   It is a one-handed weapon.
   It has a curse which improves the following skills: Beguiling: Conjurations,
   Hexes and Translocations.
   Alchemy:   Poison Magic and Transmutations.
Jewellery
 i - the cursed amulet of the Fated Oblivion (around neck) {RegenMP Will++ Int+2, Self, Comp}
   (You took it off an orc wizard on level 13 of the Dungeon)

   [amulet of magic regeneration]

   RegenMP:   It increases your rate of magic regeneration.
   Int+2:     It affects your intelligence (+2).
   Will++:    It greatly increases your willpower.
   It has a curse which improves the following skills: Introspection: Fighting
   and Spellcasting.
   Companions: Summonings and Necromancy.
 y - the cursed ring "Ensconced Together" (left hand) {rC+ Will+ AC+4 Dex+4, Comp, Elem}
   (You bought it in a shop in a bazaar)

   [ring of protection]

   AC+4:      It affects your AC (+4).
   Dex+4:     It affects your dexterity (+4).
   rC+:       It protects you from cold.
   Will+:     It increases your willpower.
   It has a curse which improves the following skills: Companions: Summonings
   and Necromancy.
   Elements:  Fire Magic, Ice Magic, Air Magic and Earth Magic.
 Q - a +4 ring of slaying
   (You took it off a purple draconian on level 1 of the Realm of Zot)
 V - the cursed ring of Ashenzari's Nihilism (right hand) {rElec rC+ rCorr, Self, Comp}
   (You took it off a deep elf master archer on level 3 of the Elven Halls)

   [ring of resist corrosion]

   rC+:       It protects you from cold.
   rElec:     It insulates you from electricity.
   rCorr:     It protects you from acid and corrosion.
   It has a curse which improves the following skills: Introspection: Fighting
   and Spellcasting.
   Companions: Summonings and Necromancy.
Wands
 j - a wand of digging (47)
   (You found it on level 5 of the Dungeon)
 w - a wand of roots (31)
   (You took it off Eustachio on level 7 of the Dungeon)
 E - a wand of flame (103)
   (You found it on level 4 of the Lair of Beasts)
 F - a wand of charming (67)
   (You found it on level 7 of the Dungeon)
 H - a wand of mindburst (55)
   (You found it on level 8 of the Dungeon)
 K - a wand of polymorph (35)
   (You found it on level 13 of the Dungeon)
 M - a wand of quicksilver (19)
   (You took it off a spriggan on level 5 of the Lair of Beasts)
Scrolls
 e - 27 scrolls of teleportation {@r4}
 l - 10 scrolls of enchant weapon
 p - 5 scrolls of revelation
 q - 14 scrolls of vulnerability {!r!r}
 s - 10 scrolls of fear
 t - 5 scrolls of poison
 z - 9 scrolls of fog
 B - 7 scrolls of immolation {!r!r}
 D - 7 scrolls of blinking {!r}
 L - 4 scrolls of amnesia
 O - 3 scrolls of enchant armour
 P - 2 scrolls of brand weapon
Potions
 a - 8 potions of might
 b - 3 potions of magic
 c - 4 potions of ambrosia
 d - 8 potions of mutation {!q}
 f - 8 potions of haste {@q3}
 g - 16 potions of heal wounds {@q2}
 h - 5 potions of invisibility
 m - 21 potions of curing {@q1}
 n - 3 potions of cancellation
 o - 12 potions of brilliance
 r - 10 potions of enlightenment
 v - 4 potions of resistance
 C - a potion of attraction {!q}
 G - 9 potions of lignification {!q}
Miscellaneous
 A - a lightning rod (4/4)
   (You found it on level 3 of the Vaults)
 S - a sack of spiders
   (You found it on level 4 of the Shoals)

Dungeon Overview and Level Annotations

Branches:
Dungeon (15/15)            Temple (1/1) D:5            Lair (5/5) D:11
 Shoals (4/4) Lair:3       Spider (4/4) Lair:2        Slime (5/5) Lair:5
    Orc (2/2) D:12            Elf (3/3) Orc:2        Vaults (5/5) D:14
  Crypt (0/3) Vaults:2     Depths (4/4) D:15            Zot (5/5) Depths:4
  Sewer (visited)

Altars:
Ashenzari
Cheibriados
Dithmenos
Fedhas
Gozag
Hepliaklqana
Kikubaaqudgha
Makhleb
Nemelex Xobeh
Okawaru
Qazlal
Ru
Sif Muna
Trog
Uskayaw
Vehumet
Wu Jian
Xom
Yredelemnul
Jiyva

Shops:
D:6 ?   D:7 *   D:9 !   D:10 (   D:12 (:([[   D:15 *   Orc:2 [(::[   Elf:1 :?
Elf:2 ![:(   Shoals:3 (   Vaults:1 *   Vaults:2 (

Portals:
Hell: Depths:1 Depths:2 Depths:3 Depths:4
Abyss: Depths:2 Depths:3
Pandemonium: Depths:2 Depths:4
Ziggurat: Depths:3
Trove: Depths:2 (give 2 scrolls of acquirement)

Annotations:
D:6 Jeremiah
D:13 1 runed translucent door, exclusion: downstairs
Shoals:1 1 runed translucent door, Waxy's ghost, adept SpEn
Slime:2 exclusion: upstairs
Slime:3 exclusion: upstairs
Orc:2 2 transporters, Tungsten's ghost, journeyman MeFE
Elf:2 3 runed translucent doors
Depths:2 2 runed translucent doors, Guam's ghost, adept HOMo
Depths:3 exclusions: great orb of eyes, orange crystal statue and 3 more exclusions

#...####......{..#........#
.......'.........{........#
#.).####.........#{#.#....#
##..# ##.......##.##.....#
##.# ##.....###.##.....#
###.# ##...## #.###....#
....# ##+## #........#
##### ############..## #
#....@....#...# #
#.#.....#.##.## #
##########.#.....#.##.# #
#...>....#.........##.#
###.###....##'##'##+###)#
........#.##.........##>#
###.#####.##.###........#
#.......##.# ##########
##########.#


There were no monsters in sight!


Message History

You regained 2 mp, and now have 31/53 mp. 😮 HP[+1] MP[+1] 😮 MP[+2]
You regained 2 mp, and now have 34/53 mp. 😮 HP[+1]
The hellwing is engulfed in a cloud of scalding steam. 😮 HP[+1] MP[+1] 😮 HP[+1] MP[+1] 😮 HP[+1]
There is a stone staircase leading up here. 😮 MP[+2]
You regained 2 mp, and now have 38/53 mp.
You climb upwards.
There is a stone staircase leading down here. 😮 HP[+2] MP[+2]
You regained 2 hp, and now have 150/239 hp.
You regained 2 mp, and now have 40/53 mp.
Okay, then. 😮 HP[+1] MP[+1] 😮 HP[+1] 😮 MP[+2]
You regained 2 mp, and now have 43/53 mp. 😮 HP[+1] MP[+1]
There is a stone staircase leading up here. 😮 HP[+1] MP[+1]
You climb upwards.
Level annotation: exclusion: quokka
There is a stone staircase leading down here. 😮 HP[+1] MP[+2]
You regained 2 mp, and now have 47/53 mp.
There is an open door here.
There is an open door here.
Your extra speed is starting to run out.
You feel yourself slow down.
A Tzitzimitl comes into view. 😕 HP[+36] MP[+6]
You regained 36 hp, and now have 191/239 hp.
Your mp is fully restored (53).
Unknown command.
Unknown command.
Okay, then.
There are no items here.
Unknown command.
Unknown command.
Casting: Leda's Unmaking (mildly dangerous; 1% risk of failure)
Confirm with . or Enter, or press ? or * to list all spells.
You summon a servant imbued with your destructive magic!
Malevolent energies surge around you. 😕 HP[+1] MP[-5]
You lost 5 mp, and now have 48/53 mp.
Unknown command. 😕 HP[+1] MP[+1] Unknown command.
Unknown command.
Casting: Spellforged Servitor (mildly dangerous; 1% risk of failure)
Confirm with . or Enter, or press ? or * to list all spells.
Aiming: Leda's Unmaking (mildly dangerous; 1% risk of failure)
Press: ? - help, Shift-Dir - straight line, f - Tzitzimitl
Aim: a Tzitzimitl (ally target, 66% to hit)
The entropic shot hits the Tzitzimitl!!!
Malevolent energies surge around you.
Your spellforged servitor gestures at the Tzitzimitl while chanting.
The entropic shot hits the Tzitzimitl!!! 😕 HP[+1] MP[-5]
You lost 5 mp, and now have 44/53 mp.
Casting: Leda's Unmaking (mildly dangerous; 1% risk of failure)
Confirm with . or Enter, or press ? or * to list all spells.
Aiming: Leda's Unmaking (mildly dangerous; 1% risk of failure)
Press: ? - help, Shift-Dir - straight line, f/p - Tzitzimitl
Aim: a Tzitzimitl (almost dead, not watching you, ally target, 66% to hit)
The entropic shot hits the Tzitzimitl!!!
The Tzitzimitl dissolves into mud!
You kill the Tzitzimitl!
Malevolent energies surge around you. 😕 HP[+2] MP[-5]
You regained 2 hp, and now have 196/239 hp.
You lost 5 mp, and now have 39/53 mp. 😕 HP[+1] MP[+1]
The quokka misses your spellforged servitor.
Your spellforged servitor points at the quokka and mumbles some strange words.
The entropic shot hits the quokka!!
The quokka dissolves into mud!
The quokka dies! 😕 HP[+2] MP[+1]
You regained 2 hp, and now have 199/239 hp. 😕 MP[+2]
You regained 2 mp, and now have 43/53 mp.
There is some mud, summoned here. 😕 HP[+1] MP[+1]
There is some mud, summoned here.
There is an open door here.
Things that are here:
5 stones {throwing}; a +0 whip {mace}
There is an open door here.
You open the door.
There is an open door here.
Your spellforged servitor disappears in a puff of smoke!
There is a staircase leading out of the dungeon here. 😎 HP[+39] MP[+9]
Your hp is fully restored (239).
Your mp is fully restored (53).
You have escaped!

Skill      XL: |  1  2  3  4  5  6  7  8  9 10 11 12 13 14 15 16 17 18 19 20 21 22 23 24 25 26 |
---------------+-------------------------------------------------------------------------------+-----
Earth Magic    | 3 4 5 6 7 |  7.0
Spellcasting   | 3 5 7 11 12 14 16 17 19 20 21 22 | 22.5
Conjurations   | 1 2 3 5 7 8 10 11 12 14 | 14.1
Fighting       | 4 5 6 9 11 12 13 17 18 19 20 22 | 22.1
Dodging        | 4 5 6 8 10 12 15 16 | 16.9
Summonings     | 3 5 9 12 | 12.5
Transmutations | 4 5 |  5.2
Ice Magic      | 3 4 |  4.6
Air Magic      | 3 4 8 9 12 15 | 15.6
Short Blades   | 4 5 8 9 |  9.6
Evocations     | 7 |  7.0
Shields        | 3 6 |  6.2
Armour         | 2 6 7 |  7.0
Stealth        | 4 |  4.9
Necromancy     | 2 6 |  6.5
Fire Magic     | 7 8 |  8.0
Hexes          | 2 8 14 | 14.1

Action                     |  1- 3 |  4- 6 |  7- 9 | 10-12 | 13-15 | 16-18 | 19-21 | 22-24 | 25-27 || total
---------------------------+-------+-------+-------+-------+-------+-------+-------+-------+-------++-------
  Melee: Unarmed           |    22 |       |       |       |       |       |       |       |       ||    22
         Dagger            |       |    34 |       |       |       |       |       |       |       ||    34
         Rapier            |       |    10 |    67 |    90 |   278 |    46 |       |       |       ||   491
         Kick              |       |       |    17 |    29 |   106 |   139 |   111 |    31 |     9 ||   442
         Punch             |       |       |     1 |     2 |     3 |       |       |       |       ||     6
         Short sword       |       |       |       |       |       |   281 |   238 |       |       ||   519
         Staff             |       |       |       |       |       |       |     9 |    44 |    13 ||    66
  Throw: Dart              |       |    10 |       |     1 |       |       |       |       |       ||    11
   Cast: Sandblast         |    53 |   111 |    94 |     8 |       |       |       |       |       ||   266
         Stone Arrow       |       |     3 |   100 |   126 |   133 |    34 |       |       |       ||   396
         Call Canine Famil |       |       |     9 |    35 |     3 |       |       |       |       ||    47
         Irradiate         |       |       |       |    36 |    20 |    13 |     3 |    20 |     5 ||    97
         Leda's Unmaking   |       |       |       |     9 |    94 |    75 |    53 |    73 |    57 ||   361
         Freezing Cloud    |       |       |       |     5 |   114 |   107 |    39 |    28 |     9 ||   302
         Spellforged Servi |       |       |       |       |    31 |   123 |    91 |    74 |    46 ||   365
         Monstrous Menager |       |       |       |       |       |    60 |    88 |    62 |    32 ||   242
         Plasma Beam       |       |       |       |       |       |     3 |   162 |   190 |   276 ||   631
         Death Channel     |       |       |       |       |       |     2 |    19 |    18 |     4 ||    43
         Borgnjor's Vile C |       |       |       |       |       |       |    22 |   123 |    29 ||   174
         Maxwell's Capacit |       |       |       |       |       |       |       |     5 |     1 ||     6
         Discord           |       |       |       |       |       |       |       |       |     5 ||     5
         Yara's Violent Un |       |       |       |       |       |       |       |       |     1 ||     1
 Invoke: Curse Item        |       |       |     4 |     5 |     4 |     3 |     1 |     1 |     2 ||    20
         Shatter the Chain |       |       |       |     3 |     2 |     1 |     3 |     1 |       ||    10
  Evoke: Wand              |       |       |       |     7 |     6 |     9 |     1 |     2 |     3 ||    28
    Use: Scroll            |       |     4 |     8 |     5 |     6 |     1 |    10 |     4 |     7 ||    45
         Potion            |       |       |     3 |     1 |       |       |       |     2 |    12 ||    18
   Stab: Sleeping          |       |     1 |     1 |     1 |     1 |     2 |     2 |       |       ||     8
         Distracted        |       |       |       |       |     3 |     9 |     8 |     2 |       ||    22
         Paralysed         |       |       |       |       |       |    12 |    10 |    10 |     2 ||    34
         Held in net/web   |       |       |       |       |       |       |       |     1 |       ||     1
 Armour: Robe              |     9 |       |       |       |       |       |       |       |       ||     9
         Leather armour    |     2 |    23 |    19 |    30 |    54 |    43 |    20 |       |       ||   191
         Troll leather arm |       |       |       |       |       |       |     3 |    48 |    27 ||    78
  Dodge: Dodged            |    43 |    43 |    95 |   129 |   217 |   229 |   171 |   245 |   107 ||  1279
  Block: Other             |     3 |    16 |    25 |    35 |    24 |       |       |       |       ||   103
         Buckler           |       |       |       |       |   191 |   338 |   156 |   170 |    98 ||   953

Levels and vault maps discovered:
D:1:      lemuel_arrival_behind_the_door_small, layout_loops_corners,
          fountainhead, st_stairs_4
D:2:      layout_basic, ebering_ecumenical_altar_abandoned,
          mrwooster_statue_mirror, uniq_natasha
D:3:      layout_basic, gup_sewer_entry_spiral, st_stairs_6
D:4:      layout_gridville, ebering_dispersal_statue_hall, serial_park_tiny_1,
          uniq_blork_the_orc
D:5:      layout_rooms, minmay_temple_entry_nine_rooms
D:6:      layout_layer_cave, serial_shops, nicolae_shop_rolling_square,
          nicolae_concentric_dashed_squares_wild, uniq_menkaure, uniq_eustachio,
          uniq_jeremiah
D:7:      hellmonk_destroyed_diamonds, layout_loops_ring,
          nicolae_shop_overcharged_wands
D:8:      wander_guarded_unrand_ratskin, layout_basic,
          kennysheep_generic_room_11
D:9:      layout_cave_pools, jmf_multi_god_temple, serial_shops, shop,
          minmay_misc_feat_encased
D:10:     layout_cave_pods, serial_shops, nicolae_shop_statue_plus,
          lemuel_flame_loot_1
D:11:     layout_grid_maze, david_lair_shrubbed
D:12:     layout_basic, david_orc_3, serial_shops, shop,
          nicolae_shop_bloodbath_and_beyond, shop, shop,
          nicolae_shop_tiny_glass, minivault_23
D:13:     hangedman_cross_cluster, layout_loops_ring, serial_bayou,
          serial_bayou_shore_a, serial_bayou_lagoon_b, serial_bayou_crossing,
          serial_bayou_shore_b, portal_ice_cave_demonic_guard, minmay_st_funbox,
          uniq_kirke, uniq_frances
D:14:     layout_gridville, skrybe_vaults_entry_preservation, tso_altar,
          nicolae_fountain_basement
D:15:     hangedman_depths_entry_civil_slaughter, layout_irregular_city,
          serial_shops, shop, serial_park_tiny_2, serial_bayou_pond_c
Temple:   mainiacjoe_temple_cubbyholes
Lair:1:   wad_woods_pond, layout_regular_city
Lair:2:   layout_gridlike, spider_nest_entry_funnel_web, uniq_maggie
Lair:3:   layout_cave_shapes, minmay_shoals_entry_centaurs
Lair:4:   layout_regular_city
Lair:5:   minmay_lair_end_enchanted_forest, layout_misc_corridors,
          minmay_slime_entry_pillars
Shoals:1: layout_shoals, ebering_ghost_inner_flame,
          nicolae_shoals_nymph_descending_staircase
Shoals:2: layout_shoals
Shoals:3: cheibrodos_shoals_baths, layout_shoals, serial_shops, shop
Shoals:4: shoals_end_simple, layout_shoals, uniq_roxanne
Spider:1: layout_spider_delve, hellmonk_test_site, uniq_rupert, uniq_jorgrun
Spider:2: layout_spider_delve
Spider:3: nicolae_spider_hilbert_zone_7 [nicolae_spider_hilbert_4_sides_1_open,
          nicolae_spider_hilbert_4_sides_1_open,
          nicolae_spider_hilbert_4_sides_1_open,
          nicolae_spider_hilbert_4_sides_1_open,
          nicolae_spider_hilbert_3_sides_1_open,
          nicolae_spider_hilbert_3_sides_1_open,
          nicolae_spider_hilbert_3_sides_1_open,
          nicolae_spider_hilbert_3_sides_1_open,
          nicolae_spider_hilbert_4_sides_1_open,
          nicolae_spider_hilbert_4_sides_1_open,
          nicolae_spider_hilbert_4_sides_1_open,
          nicolae_spider_hilbert_2_sides_1_open,
          nicolae_spider_hilbert_2_sides_1_open,
          nicolae_spider_hilbert_2_sides_1_open,
          nicolae_spider_hilbert_2_sides_1_open,
          nicolae_spider_hilbert_2_sides_1_open,
          nicolae_spider_hilbert_2_sides_1_open], uniq_mlioglotl
Spider:4: spider_rune_water
Slime:1:  layout_caves, basic_altar, cheibrodos_slime_lost_civilization_6
Slime:2:  layout_caves
Slime:3:  nicolae_slime_spelunking
Slime:4:  layout_caves
Slime:5:  slime_pit_nicolae_jellycorners
Orc:1:    layout_caves, basic_altar
Orc:2:    st_orc_ogre_mass, layout_caves, gammafunk_ghost_stat_death,
          serial_shops, shop
Elf:1:    nicolae_elf_arrival_fired_up, layout_loops_corners, serial_shops,
          shop, special_room [special_room_orc], minmay_elf_sorcery,
          nicolae_shop_vocational, uniq_donald, uniq_louise
Elf:2:    nicolae_elf_blades_crystal_corner, layout_geoelf_octagon,
          minmay_shoptagon
Elf:3:    elf_hall_gauntlet_narrow, layout_geoelf_octagon,
          minmay_the_grid_square_5x5_3x3_mashed
          [minmay_the_grid_square_5x5_one_wall,
          minmay_the_grid_square_5x5_inset, minmay_the_grid_square_5x5_shuriken,
          minmay_the_grid_square_5x5_eight,
          minmay_the_grid_square_5x5_megaprize_crossed,
          minmay_the_grid_square_5x5_almost_minimal,
          minmay_the_grid_square_5x5_three_walls,
          minmay_the_grid_square_5x5_three_small,
          minmay_the_grid_square_5x5_fat_x]
Vaults:1: vaults_room_grunt_arrival_ludios, v_misc_11, nicolae_vaults_diamond_1,
          nicolae_vaults_diamond_2, v_rooms_2,
          nicolae_vaults_trapezoid_lopsided_2, nicolae_vaults_octothorpe,
          nicolae_vaults_display_case, ontoclasm_vaults_twist,
          ontoclasm_vaults_bender, nicolae_vaults_storage_closets_2,
          grunt_vaults_diagonal, nicolae_vaults_hexular_roomagon,
          hangedman_vaults_nails, dpeg_vaults_monster_box,
          nicolae_vaults_asterisk, nicolae_vaults_tetromino_T_2,
          layout_vaults_ring, serial_shops, nicolae_lakefront_shop
Vaults:2: vaults_dpeg_emergency_exit, nicolae_vaults_surprise_closet,
          blue_anna_dwarven_crypt, nicolae_vaults_door_testing_chamber,
          grunt_vaults_focal, hangedman_vaults_trim, hangedman_vaults_nails,
          nicolae_vaults_little_squares_2, ontoclasm_vaults_ligature,
          nicolae_vaults_tetromino_L_1, nicolae_vaults_octothorpe,
          layout_vaults_big_room, serial_shops, shop_statue, uniq_nikola
Vaults:3: nicolae_vaults_heart-shaped_vault, nicolae_vaults_closet_pinwheel_1,
          vaults_room_pools, vaults_room_door_hall,
          nicolae_vaults_network_square, nicolae_vaults_network_s,
          nicolae_vaults_trapezoid_layered, nicolae_vaults_network_periphery,
          layout_vaults_omnigrid
Vaults:4: v_alt_pattern_3, ontoclasm_vaults_tryst, nicolae_vaults_tetromino_L_1,
          nicolae_vaults_doubleplus_tesselated, nicolae_vaults_weapon_check,
          special_room_vaults [special_room_orc], nicolae_vaults_trapezoid_1,
          v_rooms_1, nicolae_vaults_little_squares_2,
          nicolae_vaults_little_squares_5, nicolae_vaults_sealed_display,
          nicolae_vaults_sightless_eye, hangedman_vaults_stretched_pinwheel,
          layout_vaults_omnicross
Vaults:5
Depths:1: layout_gridville, nicolae_qazlal_general_emergency, hell_entry,
          okawaru_trees_1, uniq_sojobo, uniq_aizul
Depths:2: dreamdust_tengu_aerie, layout_basic, enter_trove_2,
          grunt_pan_entry_sceptre, abyss_entry_crystal,
          ebering_ghost_disaster_area, lightli_too_deep, dk_noncrumbling_4,
          uniq_josephina
Depths:3: dreamdust_isle_of_ice, layout_cave_shapes, enter_ziggurat_d,
          abyss_entry, nicolae_ashenzari_panopticon, hell_entry,
          minmay_staircase_bubble, uniq_norris
Depths:4: grunt_zot_entry_tricorne, layout_gridville, rand_demon_pan_entry_3,
          serial_shops, bzr_entry_dummy, abandoned_shop, hell_entry,
          chequers_serial_rivers_small_a, serial_bayou_ford_a,
          minmay_misc_feat_square, nrook_pool_corridor, uniq_parghit
Zot:1:    infiniplex_zot_generator, layout_twisted_circle
Zot:2:    layout_gridlike, grunt_megastairs_1
Zot:3:    lemuel_acid_trip, layout_concentric_octagons
Zot:4:    layout_onion_interference
Zot:5:    layout_misc_corridors

Notes
Turn   | Place    | Note
-------+----------+-------------------------------------------
     0 | D:1      | MackTheKnife the Demonspawn Earth Elementalist began the
                  | quest for the Orb.
     0 | D:1      | Reached XP level 1. HP: 13/13 MP: 3/3
     0 | D:1      | magus.rc [v1.9.6]
   294 | D:1      | Reached skill level 3 in Earth Magic
   297 | D:1      | Gained mutation: You are partially covered in large bone
                  | plates. (SH +4) [demonic ancestry]
   297 | D:1      | Reached XP level 2. HP: 19/19 MP: 0/5
  1193 | D:1      | Gained mutation: You have large cloven feet. [demonic
                  | ancestry]
  1193 | D:1      | Reached XP level 3. HP: 24/24 MP: 5/7
  1436 | D:2      | Noticed Natasha
  1499 | D:1      | Learned a level 3 spell: Stone Arrow
  1575 | D:2      | Killed Natasha
  1576 | D:2      | Reached skill level 3 in Spellcasting
  1576 | D:2      | Reached skill level 1 in Conjurations
  1716 | D:2      | Reached XP level 4. HP: 30/30 MP: 6/8
  1747 | D:2      | Noticed Natasha
  1752 | D:2      | Killed Natasha
  1934 | D:2      | Noticed Natasha
  1940 | D:2      | Killed Natasha
  1941 | D:2      | Reached skill level 2 in Conjurations
  1941 | D:2      | Reached skill level 4 in Earth Magic
  2142 | D:2      | Found a faded altar of an unknown god.
  2266 | D:2      | Reached XP level 5. HP: 35/35 MP: 7/9
  2696 | D:3      | Found a glowing drain.
  2727 | Sewer    | Entered a sewer
  3109 | Sewer    | Reached skill level 3 in Conjurations
  3349 | D:3      | You pick up a book of Changes and begin reading...
  3349 | D:3      | You add the spells Wereblood and Irradiate to your library.
  3805 | D:4      | Noticed Blork the orc
  3839 | D:4      | Noticed an ogre
  3914 | D:4      | Killed an ogre
  3915 | D:4      | Reached XP level 6. HP: 41/41 MP: 7/10
  3969 | D:4      | Killed Blork the orc
  3970 | D:4      | Reached skill level 4 in Conjurations
  3970 | D:4      | Reached skill level 5 in Earth Magic
  4462 | D:4      | Reached skill level 5 in Conjurations
  4856 | D:5      | Entered Level 5 of the Dungeon
  4866 | D:4      | Gained mutation: You have hoof-like feet. [demonic
                  | ancestry]
  4866 | D:4      | Reached XP level 7. HP: 38/46 MP: 5/11
  5129 | D:5      | You pick up a book of Callings and begin reading...
  5129 | D:5      | You add the spells Summon Small Mammal, Call Canine
                  | Familiar and Summon Guardian Golem to your library.
  5481 | D:5      | Reached skill level 6 in Conjurations
  5755 | D:5      | Found a staircase to the Ecumenical Temple.
  5764 | Temple   | Entered the Ecumenical Temple
  5830 | Temple   | Became a worshipper of Ashenzari the Shackled
  5901 | D:5      | Reached skill level 7 in Conjurations
  6251 | D:6      | Found Jutuoh's Magic Scroll Emporium.
  6256 | D:6      | Bought a scroll of identify for 26 gold pieces
  6256 | D:6      | Bought a scroll of identify for 26 gold pieces
  6256 | D:6      | Bought a scroll of enchant armour for 97 gold pieces
  6350 | D:6      | Reached XP level 8. HP: 53/53 MP: 5/12
  6403 | D:6      | Noticed Jeremiah
  6477 | D:6      | Reached skill level 1 in Fighting
  6544 | D:6      | Reached skill level 2 in Fighting
  6546 | D:6      | Noticed Eustachio
  6712 | D:6      | Reached skill level 3 in Fighting
  7143 | D:6      | Noticed Menkaure
  7147 | D:6      | Killed Menkaure
  7148 | D:6      | Reached skill level 4 in Fighting
  7148 | D:6      | Reached skill level 2 in Dodging
  7162 | D:6      | HP: 14/60 [water moccasin (6)]
  7168 | D:6      | HP: 10/60 [poisoned by a water moccasin]
  7169 | D:6      | Reached skill level 3 in Dodging
  7177 | D:6      | HP: 15/60 [poisoned by a water moccasin]
  7429 | D:6      | Reached * piety under Ashenzari
  7671 | D:6      | Reached skill level 4 in Dodging
  7675 | D:6      | Learned a level 3 spell: Call Canine Familiar
  8003 | D:6      | Reached skill level 1 in Summonings
  8362 | D:6      | Reached skill level 2 in Summonings
  8466 | D:7      | You add the spells Cigotuvi's Dreadful Rot, Ignite Poison
                  | and Freezing Cloud to your library.
  8642 | D:7      | Killed Eustachio
  8643 | D:7      | Reached skill level 3 in Summonings
  8746 | D:7      | Reached XP level 9. HP: 66/66 MP: 5/15
  8835 | D:7      | Reached skill level 4 in Summonings
  9111 | D:7      | Reached skill level 5 in Summonings
  9412 | D:7      | Reached ** piety under Ashenzari
  9458 | D:7      | Reached skill level 1 in Transmutations
  9700 | D:7      | Found Ecsatil's Overcharged Wands.
  9915 | D:8      | Reached skill level 4 in Spellcasting
  9915 | D:8      | Reached skill level 2 in Transmutations
 10026 | D:8      | Reached skill level 8 in Conjurations
 10323 | D:8      | Reached skill level 3 in Transmutations
 10456 | D:8      | Learned a level 5 spell: Irradiate
 11195 | D:8      | Found the +2 ratskin cloak {*Rats rPois rN+ Str-1 Int-1
                  | Dex+1}
 11295 | D:8      | magus.rc [v1.9.6]
 11341 | D:9      | Reached skill level 5 in Spellcasting
 11565 | D:9      | Noticed a kobold demonologist
 11566 | D:9      | Noticed a troll
 11568 | D:9      | Killed a kobold demonologist
 11569 | D:9      | Reached skill level 4 in Transmutations
 11569 | D:9      | Reached XP level 10. HP: 74/74 MP: 9/19
 11694 | D:9      | Noticed a two-headed ogre
 11785 | D:9      | Found Kenoss's Distillery.
 11794 | D:9      | Bought 2 potions of curing for 90 gold pieces
 11794 | D:9      | Bought a potion of heal wounds for 75 gold pieces
 11794 | D:9      | Bought a potion of heal wounds for 75 gold pieces
 11794 | D:9      | Bought a potion of heal wounds for 75 gold pieces
 11943 | D:9      | Found a hazy altar of Hepliaklqana.
 11943 | D:9      | Found an ancient bone altar of Kikubaaqudgha.
 11992 | D:9      | Reached skill level 9 in Conjurations
 12001 | D:9      | Killed a two-headed ogre
 12002 | D:9      | Reached skill level 6 in Spellcasting
 12002 | D:9      | Reached skill level 5 in Transmutations
 12619 | D:10     | Entered Level 10 of the Dungeon
 12919 | D:10     | Reached *** piety under Ashenzari
 13169 | D:10     | Found Soeppunt's Weapon Shoppe.
 13341 | D:10     | Reached skill level 10 in Conjurations
 13384 | D:10     | Reached skill level 7 in Spellcasting
 13886 | D:10     | Noticed a two-headed ogre
 13897 | D:10     | Killed a two-headed ogre
 14172 | D:11     | Noticed a manticore
 14416 | D:11     | Gained mutation: You regenerate magic rapidly. [demonic
                  | ancestry]
 14416 | D:11     | Reached XP level 11. HP: 81/81 MP: 14/24
 14446 | D:11     | Found a staircase to the Lair.
 14527 | D:11     | Noticed a centaur warrior
 14539 | D:11     | Killed a centaur warrior
 14950 | D:11     | Noticed a boulder beetle
 15023 | Lair:1   | Entered Level 1 of the Lair of Beasts
 15033 | Lair:1   | magus.rc [v1.9.6]
 15121 | Lair:1   | Reached skill level 5 in Fighting
 15205 | Lair:1   | Reached skill level 5 in Dodging
 15328 | Lair:1   | You pick up a book of Power and begin reading...
 15328 | Lair:1   | You add the spells Iskenderun's Battlesphere, Leda's
                  | Unmaking and Spellforged Servitor to your library.
 15361 | Lair:1   | Reached **** piety under Ashenzari
 15432 | Lair:1   | Learned a level 5 spell: Freezing Cloud
 15446 | Lair:1   | Identified the ring "Biliyk" {rPois Dex+6 SInv}
 15540 | Lair:1   | Reached skill level 1 in Ice Magic
 15540 | Lair:1   | Reached skill level 1 in Air Magic
 15664 | Lair:1   | Reached skill level 2 in Ice Magic
 15664 | Lair:1   | Reached skill level 2 in Air Magic
 15855 | Lair:1   | Reached skill level 3 in Ice Magic
 15855 | Lair:1   | Reached skill level 3 in Air Magic
 16174 | Lair:1   | Reached skill level 1 in Short Blades
 16223 | Lair:2   | Reached skill level 2 in Short Blades
 16335 | Lair:2   | Reached skill level 3 in Short Blades
 16338 | Lair:2   | Noticed a death yak
 16497 | Lair:2   | Noticed a wolf spider
 16642 | Lair:2   | Reached skill level 4 in Short Blades
 16722 | Lair:2   | Noticed a death yak
 16738 | Lair:2   | Killed a death yak
 16739 | Lair:2   | Gained mutation: You have hooves in place of feet. [demonic
                  | ancestry]
 16739 | Lair:2   | Reached XP level 12. HP: 68/89 MP: 9/25
 16740 | Lair:2   | Noticed a death yak
 16740 | Lair:2   | Noticed a death yak
 16747 | Lair:2   | Killed a death yak
 16751 | Lair:2   | Killed a death yak
 16752 | Lair:2   | Reached skill level 4 in Ice Magic
 16752 | Lair:2   | Reached skill level 4 in Air Magic
 16754 | Lair:2   | Killed a death yak
 16755 | Lair:2   | Noticed a death yak
 16768 | Lair:2   | Killed a death yak
 16864 | Lair:2   | Reached skill level 3 in Evocations
 16979 | Lair:2   | Reached skill level 4 in Evocations
 17034 | Lair:2   | Found a hole to the Spider Nest.
 17052 | Lair:2   | HP: 22/92 [wolf spider (4)]
 17282 | Lair:2   | Noticed Maggie
 17303 | Lair:2   | Killed Maggie
 17422 | Lair:2   | Reached skill level 5 in Evocations
 17823 | Lair:3   | Found a staircase to the Shoals.
 17833 | Lair:3   | Reached skill level 6 in Evocations
 17862 | Lair:3   | Noticed a seven-headed hydra
 17871 | Lair:3   | Killed a seven-headed hydra
 17872 | Lair:3   | Reached skill level 7 in Evocations
 18090 | Lair:3   | Reached skill level 6 in Fighting
 18105 | Lair:3   | Reached skill level 6 in Dodging
 18217 | Lair:3   | You pick up a book of Alchemy and begin reading...
 18327 | Lair:3   | Learned a level 6 spell: Leda's Unmaking
 18455 | Lair:3   | Gained mutation: You are mostly covered in large bone
                  | plates. (SH +6) [demonic ancestry]
 18455 | Lair:3   | Reached XP level 13. HP: 79/101 MP: 1/27
 18766 | Lair:4   | Reached skill level 7 in Fighting
 18956 | Lair:4   | Reached skill level 7 in Dodging
 19170 | Lair:4   | Reached skill level 8 in Fighting
 19501 | Lair:4   | Reached skill level 8 in Dodging
 20144 | Lair:4   | Reached skill level 9 in Fighting
 20214 | Lair:5   | Entered Level 5 of the Lair of Beasts
 20317 | Lair:5   | Reached skill level 11 in Conjurations
 20377 | Lair:5   | Found a staircase to the Slime Pits.
 20377 | Lair:5   | Found a viscous altar of Jiyva.
 20616 | Lair:5   | Reached skill level 6 in Earth Magic
 20994 | Lair:5   | Reached skill level 1 in Shields
 21216 | Lair:5   | Reached skill level 2 in Shields
 21269 | Lair:5   | Reached skill level 3 in Shields
 21416 | Lair:5   | You pick up a book of Decay and begin reading...
 21416 | Lair:5   | You add the spells Dispel Undead and Death Channel to your
                  | library.
 21471 | Lair:5   | Reached XP level 14. HP: 116/116 MP: 13/29
 21686 | Lair:5   | Reached skill level 4 in Shields
 21816 | Lair:5   | Reached skill level 5 in Shields
 22066 | Lair:5   | You pick up a book of Annihilations and begin reading...
 22066 | Lair:5   | You add the spells Chain Lightning, Fire Storm and Shatter
                  | to your library.
 22272 | Lair:5   | Reached skill level 6 in Shields
 22899 | D:11     | Reached skill level 1 in Armour
 23079 | D:12     | Reached skill level 2 in Armour
 23175 | D:12     | Reached ***** piety under Ashenzari
 23297 | D:12     | Reached skill level 5 in Short Blades
 23415 | D:12     | Found a staircase to the Orcish Mines.
 23454 | D:12     | Found Pezod's Armour Shoppe.
 23477 | D:12     | Bought a +1 helmet of intelligence for 280 gold pieces
 23645 | D:12     | Found Liriffy's Armour Shoppe.
 23651 | D:12     | Bought a +1 leather armour of cold resistance for 210 gold
                  | pieces
 23677 | D:12     | Found Noaso's Weapon Shop.
 23814 | D:12     | Found Ruh Olei's Book Shop.
 23818 | D:12     | Found Dejiuc's Weapon Emporium.
 24118 | Orc:1    | Entered Level 1 of the Orcish Mines
 24482 | Orc:2    | Entered Level 2 of the Orcish Mines
 24666 | Orc:2    | Found a staircase to the Elven Halls.
 24675 | Orc:2    | Reached skill level 12 in Conjurations
 24675 | Orc:2    | Reached skill level 7 in Earth Magic
 24719 | Orc:2    | Learned a level 7 spell: Spellforged Servitor
 24804 | Orc:2    | Reached skill level 6 in Summonings
 24822 | Orc:2    | Reached skill level 7 in Summonings
 24939 | Orc:2    | Found Hopn's Armour Emporium.
 25011 | Orc:2    | Reached skill level 8 in Summonings
 25166 | Orc:2    | Reached skill level 9 in Summonings
 25383 | Orc:2    | Found Gois's Book Emporium.
 25383 | Orc:2    | Found Lasaumuu's Armour Boutique.
 25384 | Orc:2    | Found Tixir's Book Shop.
 25384 | Orc:2    | Found Nivoary's Weapon Emporium.
 25675 | Orc:2    | Found a transporter.
 25675 | Orc:2    | Noticed Tungsten's ghost (journeyman MeFE)
 25803 | Orc:2    | Found a transporter.
 26017 | D:13     | Noticed Frances
 26121 | D:13     | Gained mutation: When hurt, damage is shared between your
                  | health and your magic reserves. [demonic ancestry]
 26121 | D:13     | Reached XP level 15. HP: 94/120 MP: 6/29
 26215 | D:13     | Reached skill level 10 in Summonings
 26255 | D:13     | Reached skill level 8 in Spellcasting
 26405 | D:13     | Noticed Kirke
 26441 | D:12     | Identified the cursed +3 rapier "Chained With Me" {drain,
                  | short, Dev, Self} (You found it on level 3 of the Dungeon)
 26441 | D:12     | Identified the cursed +1 buckler "I Knew You'd Do That"
                  | {rF+, Melee, Fort} (You took it off a spriggan on level 5
                  | of the Lair of Beasts)
 26441 | D:12     | Identified the cursed ring of the Bound Sorrow {Wiz, Bglg,
                  | Melee} (You found it on level 10 of the Dungeon)
 26514 | D:13     | Killed Frances
 26515 | D:13     | Found a runed translucent door.
 26517 | D:13     | Identified the +5 war axe of Qiepp {freeze, rC+ Will+}
 26518 | D:13     | magus.rc [v1.9.6]
 26748 | D:13     | Noticed a sphinx
 26749 | D:13     | Killed Kirke
 26787 | D:12     | magus.rc [v1.9.6]
 26815 | D:13     | You pick up a book of Sloth and begin reading...
 26815 | D:13     | You add the spells Frozen Ramparts and Metabolic
                  | Englaciation to your library.
 26998 | D:13     | Reached skill level 9 in Spellcasting
 27113 | D:13     | Identified the amulet "Nod Goll" {RegenMP Will++ Int+2}
 27122 | D:13     | Reached skill level 11 in Summonings
 28838 | D:14     | Found a gate to the Vaults.
 28850 | D:14     | Reached skill level 10 in Spellcasting
 28885 | D:14     | Reached skill level 12 in Summonings
 29749 | D:15     | Entered Level 15 of the Dungeon
 29757 | D:15     | Reached skill level 11 in Spellcasting
 30001 | D:15     | Found Beru's General Store.
 30006 | D:15     | Bought a scroll of acquirement for 780 gold pieces
 30006 | D:15     | Bought a potion of heal wounds for 75 gold pieces
 30009 | D:15     | Acquired a +2 pair of gloves of dexterity
 30029 | D:15     | Reached XP level 16. HP: 128/128 MP: 29/34
 30162 | D:15     | Reached skill level 12 in Spellcasting
 30252 | D:15     | You pick up a book of Frost and begin reading...
 30252 | D:15     | You add the spells Freeze and Hailstorm to your library.
 30266 | D:15     | Found a staircase to the Depths.
 30867 | Lair:1   | magus.rc [v1.9.6]
 30940 | Spider:1 | Entered Level 1 of the Spider Nest
 31148 | Spider:1 | Reached skill level 9 in Dodging
 31208 | Spider:1 | Reached skill level 10 in Fighting
 31262 | Spider:1 | Noticed Jorgrun
 31268 | Spider:1 | Killed Jorgrun
 31508 | Spider:1 | Identified the +10 short sword "Lirin" {flame, rF+ Dex+5}
 31553 | Spider:1 | Noticed Rupert
 31559 | Spider:1 | Killed Rupert
 31684 | Spider:1 | Upgraded the game from 0.31-a0-626-g8143ab4f1d to
                  | 0.31-a0-631-g285b096dc4
 31684 | Spider:1 | magus.rc [v1.9.6]
 31684 | Spider:1 | magus.rc [v1.9.6]
 31750 | Spider:2 | Reached skill level 10 in Dodging
 31937 | Spider:2 | Reached skill level 11 in Fighting
 32050 | Spider:2 | Reached skill level 6 in Short Blades
 32160 | Spider:2 | Reached skill level 7 in Short Blades
 32580 | Spider:3 | Reached skill level 8 in Short Blades
 32959 | Spider:3 | Gained mutation: Spells you cast may paralyse adjacent
                  | enemies. [demonic ancestry]
 32959 | Spider:3 | Reached XP level 17. HP: 136/136 MP: 25/35
 32997 | Spider:3 | Noticed Mlioglotl
 33002 | Spider:3 | Killed Mlioglotl
 33160 | Spider:3 | Reached skill level 9 in Short Blades
 34088 | Spider:4 | Entered Level 4 of the Spider Nest
 34095 | Spider:4 | magus.rc [v1.9.6]
 34279 | Spider:4 | You pick up a book of Beasts and begin reading...
 34279 | Spider:4 | You add the spells Summon Ice Beast, Summon Mana Viper and
                  | Monstrous Menagerie to your library.
 34536 | Spider:4 | You pick up a book of Spatial Translocations and begin
                  | reading...
 34536 | Spider:4 | You add the spells Blink, Momentum Strike and Lesser
                  | Beckoning to your library.
 34840 | Spider:4 | Reached skill level 13 in Conjurations
 35290 | Spider:4 | Got a gossamer rune of Zot
 35471 | Shoals:1 | Entered Level 1 of the Shoals
 35482 | Shoals:1 | Reached skill level 14 in Conjurations
 35610 | Shoals:1 | Learned a level 7 spell: Monstrous Menagerie
 35663 | Shoals:1 | You pick up a book of Debilitation and begin reading...
 35663 | Shoals:1 | You add the spells Slow, Vampiric Draining and Confusing
                  | Touch to your library.
 35779 | Shoals:1 | Reached ****** piety under Ashenzari
 35833 | Shoals:1 | Found a runed translucent door.
 35850 | Shoals:1 | Noticed Waxy's ghost (adept SpEn)
 36056 | Shoals:1 | Reached skill level 2 in Stealth
 36200 | Shoals:1 | Reached skill level 3 in Stealth
 36456 | Shoals:1 | magus.rc [v1.9.6]
 36586 | Shoals:2 | Reached skill level 4 in Stealth
 36663 | Shoals:2 | magus.rc [v1.9.6]
 36739 | Shoals:2 | You pick up a book of Changes and begin reading...
 36819 | Shoals:2 | Learned a level 6 spell: Death Channel
 36835 | Shoals:2 | You pick up a book of Fire and begin reading...
 36835 | Shoals:2 | You add the spells Foxfire, Plasma Beam and Starburst to
                  | your library.
 36954 | Shoals:2 | Reached skill level 1 in Necromancy
 36984 | Shoals:2 | Reached skill level 2 in Necromancy
 36992 | Shoals:2 | Gained mutation: Your magical and physical power is
                  | slightly enhanced at high health. [demonic ancestry]
 36992 | Shoals:2 | Reached XP level 18. HP: 153/153 MP: 11/39
 37028 | Shoals:2 | Identified the +2 helmet "Forget-Me-Not" {-Tele rF+ rCorr
                  | Dex+3}
 37265 | Shoals:3 | Reached skill level 3 in Necromancy
 37300 | Shoals:3 | magus.rc [v1.9.6]
 37334 | Shoals:3 | Reached skill level 4 in Necromancy
 37488 | Shoals:3 | Reached skill level 5 in Necromancy
 37642 | Shoals:3 | Reached skill level 6 in Necromancy
 37804 | Shoals:3 | Found Jehihuo's Weapon Shoppe.
 38120 | Shoals:4 | Entered Level 4 of the Shoals
 38129 | Shoals:4 | Noticed Roxanne
 38145 | Shoals:4 | Killed Roxanne
 38146 | Shoals:4 | Reached skill level 1 in Fire Magic
 38165 | Shoals:4 | You pick up a book of Debilitation and begin reading...
 38227 | Shoals:4 | Reached skill level 5 in Air Magic
 38286 | Shoals:4 | Identified the Octavo of Windy Jinxing
 38294 | Shoals:4 | Reached skill level 2 in Fire Magic
 38378 | Shoals:4 | You add the spells Inner Flame, Anguish, Leda's
                  | Liquefaction and Maxwell's Capacitive Coupling to your
                  | library.
 38477 | Shoals:4 | You add the spells Tukima's Dance, Passage of Golubria and
                  | Yara's Violent Unravelling to your library.
 38628 | Shoals:4 | Reached skill level 3 in Fire Magic
 38628 | Shoals:4 | Reached skill level 6 in Air Magic
 38671 | Shoals:4 | Got a barnacled rune of Zot
 38704 | Shoals:4 | Identified the -2 pair of boots of Weightlessness {Str+5}
 38716 | Shoals:4 | Reached skill level 4 in Fire Magic
 39399 | Vaults:1 | Entered Level 1 of the Vaults
 39407 | Vaults:1 | Learned a level 6 spell: Plasma Beam
 39481 | Vaults:1 | You pick up a book of the Tundra and begin reading...
 39537 | Vaults:1 | Reached skill level 5 in Fire Magic
 39537 | Vaults:1 | Reached skill level 7 in Air Magic
 39844 | Vaults:1 | Reached skill level 6 in Fire Magic
 39855 | Vaults:1 | Reached skill level 8 in Air Magic
 40050 | Vaults:1 | You pick up a book of the Hunter and begin reading...
 40101 | Vaults:1 | Reached skill level 7 in Fire Magic
 40133 | Vaults:1 | Found Maqirej's Assorted Antiques.
 40141 | Vaults:1 | Bought a brightly glowing leather armour for 189 gold
                  | pieces
 40141 | Vaults:1 | Identified the +0 leather armour "Ziko" {Int+3} (You bought
                  | it in a shop on level 1 of the Vaults)
 40456 | Vaults:1 | Gained mutation: When low on magic, you restore magic in
                  | place of health. [demonic ancestry]
 40456 | Vaults:1 | Reached XP level 19. HP: 159/159 MP: 22/40
 40674 | Vaults:1 | Reached skill level 9 in Air Magic
 40892 | Vaults:1 | Reached skill level 8 in Fire Magic
 41066 | Vaults:1 | You pick up a book of Alchemy and begin reading...
 41094 | Vaults:1 | magus.rc [v1.9.6]
 41304 | Elf:1    | Entered Level 1 of the Elven Halls
 41304 | Elf:1    | Noticed Donald
 41489 | Vaults:2 | Found a staircase to the Crypt.
 41536 | Vaults:2 | Noticed Nikola
 41538 | Vaults:2 | Nikola changed into Nikola the bunyip
 41538 | Vaults:2 | Noticed Nikola
 41547 | Vaults:2 | Killed Nikola the bunyip
 41548 | Vaults:2 | Reached skill level 13 in Spellcasting
 41748 | Vaults:2 | Found Emoptu's Antique Weapon Shop.
 42047 | Vaults:2 | Reached skill level 12 in Fighting
 42167 | Vaults:2 | You pick up a book of the Senses and begin reading...
 42167 | Vaults:2 | You add the spells Dazzling Flash, Agony and Silence to
                  | your library.
 42552 | Vaults:3 | Reached skill level 3 in Armour
 42699 | Vaults:3 | Reached skill level 4 in Armour
 42699 | Vaults:3 | Reached skill level 14 in Spellcasting
 43009 | Vaults:3 | Reached skill level 5 in Armour
 43757 | Vaults:3 | Reached skill level 6 in Armour
 44365 | Vaults:4 | Reached XP level 20. HP: 167/167 MP: 18/43
 44649 | Vaults:4 | Reached skill level 7 in Armour
 44649 | Vaults:4 | Reached skill level 15 in Spellcasting
 44805 | Vaults:4 | Learned a level 8 spell: Maxwell's Capacitive Coupling
 45249 | Vaults:4 | Reached skill level 10 in Air Magic
 45609 | Vaults:4 | Acquired 1043 gold pieces
 46053 | Orc:2    | Killed Donald
 46077 | Orc:2    | C - a +4 double sword of protection {longrare=g}
 46083 | Orc:2    | your +4 double sword of protection {longrare=g} becomes
                  | incredibly heavy!
 46083 | Orc:2    | C - a +4 heavy double sword {longrare=g}
 46084 | Orc:2    | You drop a +4 heavy double sword {longrare=g}.
 46187 | Elf:1    | Found Gigg's Vocational Training.
 46351 | Elf:1    | Found Ethret Siqi's Magic Scroll Shoppe.
 46360 | Elf:1    | Bought a scroll of blinking for 105 gold pieces
 46473 | Elf:1    | Noticed Louise
 46482 | Elf:1    | Killed Louise
 46782 | Elf:1    | Reached skill level 11 in Air Magic
 46792 | Elf:1    | Reached skill level 16 in Spellcasting
 46844 | Elf:1    | Identified Zahevem's Guide on Massed Attacks
 46852 | Elf:1    | You add the spells Kiss of Death, Mephitic Cloud and
                  | Conjure Ball Lightning to your library.
 47294 | Elf:1    | Paralysed by an air elemental for 1 turns
 47679 | Elf:2    | Identified the +5 hand axe of Crusades {heavy, *Slow rF+
                  | Int+2}
 47807 | Elf:2    | You pick up a book of Necromancy and begin reading...
 48065 | Elf:2    | Found Itumpint's Weapon Boutique.
 48065 | Elf:2    | Found Farod's Distillery.
 48068 | Elf:2    | Found Ypyn's Book Boutique.
 48073 | Elf:2    | Found Jucwif's Antique Armour Shop.
 48076 | Elf:2    | Bought a manual of Fighting for 1040 gold pieces
 48162 | Elf:2    | You add the spells Sticky Flame and Ignition to your
                  | library.
 48219 | Elf:2    | Reached skill level 12 in Air Magic
 48380 | Orc:2    | Bought a book of Unlife for 468 gold pieces
 48380 | Orc:2    | You pick up a book of Unlife and begin reading...
 48380 | Orc:2    | You add the spells Animate Dead and Borgnjor's Vile Clutch
                  | to your library.
 48386 | Orc:2    | Learned a level 5 spell: Borgnjor's Vile Clutch
 48400 | Orc:2    | T - a +4 heavy double sword {longrare=g}
 48452 | Elf:2    | Found a runed translucent gate.
 48453 | Elf:2    | Found a runed translucent gate.
 48453 | Elf:2    | Found a runed translucent gate.
 48633 | Elf:3    | Entered Level 3 of the Elven Halls
 48698 | Elf:3    | Reached skill level 13 in Fighting
 48874 | Elf:3    | Identified the +0 mace "Kawedep" {venom, rC+ Str+3 Dex-4
                  | SInv}
 49025 | Elf:3    | Gained mutation: Your magical and physical power is
                  | enhanced at high health. [demonic ancestry]
 49025 | Elf:3    | Reached XP level 21. HP: 150/177 MP: 24/46
 49631 | Elf:3    | Found the +10 Black Knight's barding {ponderous, rPois rN+}
 49651 | Elf:3    | Reached skill level 14 in Fighting
 49692 | Elf:3    | You pick up a book of Conjurations {@e2} and begin
                  | reading...
 49692 | Elf:3    | You add the spells Magic Dart, Searing Ray and Fulminant
                  | Prism to your library.
 49866 | Elf:3    | Reached skill level 13 in Air Magic
 49997 | Elf:3    | a deep elf demonologist comes into view. It is wielding a
                  | +3 dagger and wearing the ring of Shadows {Umbra +Inv
                  | Stlth+}.
 50012 | Elf:3    | Identified the +1 leather armour of Grace {rElec}
 50012 | Elf:3    | Identified a +1 crystal plate armour
 50012 | Elf:3    | Identified the ring of the Pariah {Contam rElec rPois
                  | rCorr}
 50023 | Elf:3    | Paralysed by an air elemental for 1 turns
 50073 | Elf:3    | R - a +1 crystal plate armour {rare=g}
 50076 | Elf:3    | U - a +0 heavy executioner's axe {axerare=g}
 50078 | Elf:3    | Identified the +0 ring mail of the Wasteland {rF+ Regen+
                  | Int+2 Dex-2}
 50085 | Elf:3    | Reached skill level 15 in Fighting
 50186 | Elf:3    | Identified the staff "Widowmaker" {Fly rElec rPois rC+
                  | Will- Ice}
 50187 | Elf:3    | Identified the +1 pair of gloves of Gozag's Esteem {rC-
                  | rN++ Dex+2}
 50189 | Elf:3    | Identified Aliem's Catalogue of the Discontinuous
                  | Maleficium
 50207 | Elf:3    | You add the spells Ensorcelled Hibernation, Volatile
                  | Blastmotes and Dispersal to your library.
 50249 | Elf:3    | Identified Wuotrai's Octavo of Accompaniment
 50250 | Elf:3    | Identified the amulet "Hinaroib" {Reflect Rampage Dex+4
                  | SH+5}
 50250 | Elf:3    | Identified the ring "Hoshrogee" {Int+2 Dex+6}
 50259 | Elf:3    | Identified the ring "Pedun" {rElec rC+ rCorr}
 50372 | Elf:3    | Identified the staff "Lacuisel" {rPois rCorr Int+5 Dex+7
                  | Poison}
 50383 | Elf:3    | You pick up a book of Air and begin reading...
 50383 | Elf:3    | You add the spells Shock, Swiftness and Airstrike to your
                  | library.
 50390 | Elf:3    | You pick up a book of the Spheres and begin reading...
 50390 | Elf:3    | You add the spells Fireball and Orb of Destruction to your
                  | library.
 50397 | Elf:3    | You pick up a book of the Warp and begin reading...
 50397 | Elf:3    | You add the spells Manifold Assault and Disjunction to your
                  | library.
 50414 | Elf:3    | You drop a +1 crystal plate armour {rare=g}.
 50415 | Elf:3    | You drop a +4 heavy double sword {longrare=g}.
 50416 | Elf:3    | You drop a +0 heavy executioner's axe {axerare=g}.
 50633 | Elf:1    | Bought a scroll of enchant armour for 105 gold pieces
 50826 | Depths:1 | Entered Level 1 of the Depths
 50960 | Depths:1 | Reached skill level 16 in Fighting
 50990 | Depths:1 | Reached skill level 14 in Air Magic
 51135 | Depths:1 | Found a gateway to Hell.
 51155 | Depths:1 | Noticed Sojobo
 51160 | Depths:1 | Killed Sojobo
 51162 | Depths:1 | Noticed Aizul
 51176 | Depths:1 | Killed Aizul
 51180 | Depths:1 | Reached skill level 17 in Fighting
 51198 | Depths:1 | Reached skill level 15 in Air Magic
 51252 | Depths:1 | Paralysed by a floating eye for 4 turns
 51357 | Depths:1 | Found a stormy altar of Qazlal.
 51467 | Depths:1 | Found an iron altar of Okawaru.
 51769 | Depths:2 | Found a large runed translucent door.
 51769 | Depths:2 | Found a large runed translucent door.
 51777 | Depths:2 | Identified the ring "Fihemn" {rC+ Int-5 Dex+3 Slay+4}
 51920 | Depths:2 | Identified the +2 helmet of Creativity {rN+}
 52002 | Depths:2 | Found a one-way gate leading to the halls of Pandemonium.
 52110 | Depths:2 | Found a portal to a secret trove of treasure.
 52130 | Depths:2 | You pick up a book of Vapours and begin reading...
 52238 | Depths:2 | Found a one-way gate to the infinite horrors of the Abyss.
 52369 | Depths:2 | Reached skill level 17 in Spellcasting
 52381 | Depths:2 | Noticed Guam's ghost (adept HOMo)
 52382 | Depths:2 | Found the brooch of Shielding {Spirit SH+8}
 52435 | Depths:2 | Reached XP level 22. HP: 195/195 MP: 24/47
 52591 | Depths:2 | Identified the ring "Mautoshrie" {Ice Str+3 Dex+3}
 52591 | Depths:2 | Noticed Josephina
 52595 | Depths:2 | Killed Josephina
 52666 | Depths:2 | Identified the +11 battleaxe of the Snake Pit {pain, Dex+2}
 52736 | Depths:2 | You pick up a book of Weapons and begin reading...
 52744 | Depths:2 | You pick up a book of Power and begin reading...
 52853 | Depths:3 | Found a one-way gateway to a ziggurat.
 52940 | Depths:3 | Noticed Norris
 52948 | Depths:3 | Killed Norris
 52948 | Depths:3 | Noticed a shard shrike
 52950 | Depths:3 | Noticed a shard shrike
 52955 | Depths:3 | Killed a shard shrike
 52956 | Depths:3 | Reached skill level 18 in Spellcasting
 52959 | Depths:3 | Killed a shard shrike
 52962 | Depths:3 | Noticed a shard shrike
 52970 | Depths:3 | Killed a shard shrike
 53023 | Depths:3 | Identified the +11 mace of Nunli {elec, Drain rF+ rCorr
                  | Int+3}
 53355 | Depths:3 | Found a broken altar of Ashenzari.
 53513 | Depths:3 | You pick up a book of Weapons and begin reading...
 53520 | Depths:3 | Learned a level 5 spell: Yara's Violent Unravelling
 54192 | Depths:4 | Entered Level 4 of the Depths
 54209 | Depths:4 | Reached skill level 19 in Spellcasting
 54230 | Depths:4 | Found a flickering gateway to a bazaar.
 54237 | Bazaar   | Entered a bazaar
 54243 | Bazaar   | Found Izxyroem's Jewellery Boutique.
 54271 | Bazaar   | Found Rudew's Antique Armour Shoppe.
 54293 | Bazaar   | Found Duorphe's Antique Armour Boutique.
 54314 | Bazaar   | Found Sobloup's Antique Weapon Emporium.
 54339 | Bazaar   | Bought the ring "Fuvucis" {rC+ Will+ AC+4 Dex+4} for 1024
                  | gold pieces
 54392 | Bazaar   | Bought a transparent scale mail for 216 gold pieces
 54392 | Bazaar   | Identified the +1 scale mail of the Distant Future {rPois
                  | rF++ Dex+3 Slay-5} (You bought it in a shop in a bazaar)
 54392 | Bazaar   | Bought a heavily runed scale mail for 216 gold pieces
 54392 | Bazaar   | Identified the +0 scale mail of Ylec {Regen+ Int+3} (You
                  | bought it in a shop in a bazaar)
 54447 | Depths:4 | Identified +9 gold dragon scales
 54447 | Depths:4 | Noticed Parghit
 54462 | Depths:4 | Killed Parghit
 54520 | Depths:4 | 3 large rocks {=fthrowing}; +9 gold dragon scales {rare}; a
                  | +0 troll leather armour
 54627 | Depths:4 | Reached skill level 11 in Dodging
 55031 | Depths:4 | Reached skill level 12 in Dodging
 55139 | Depths:4 | Found a gate to the Realm of Zot.
 55139 | Depths:4 | Noticed a golden dragon
 55147 | Depths:4 | Killed a golden dragon
 55147 | Depths:4 | Identified +0 gold dragon scales
 55314 | Depths:4 | Reached skill level 1 in Hexes
 55407 | Depths:4 | 3 large rocks {=fthrowing}; +9 gold dragon scales {rare}; a
                  | +0 troll leather armour
 55702 | Vaults:5 | Entered Level 5 of the Vaults
 55706 | Vaults:5 | Reached skill level 2 in Hexes
 55706 | Vaults:5 | Gained mutation: Your magical and physical power is greatly
                  | enhanced at high health. [demonic ancestry]
 55706 | Vaults:5 | Reached XP level 23. HP: 198/200 MP: 36/49
 55740 | Vaults:4 | Reached skill level 13 in Dodging
 55740 | Vaults:4 | Reached skill level 3 in Hexes
 55791 | Vaults:4 | Reached skill level 4 in Hexes
 55959 | Vaults:5 | Reached skill level 5 in Hexes
 56169 | Vaults:5 | Reached skill level 6 in Hexes
 56192 | Vaults:5 | Reached skill level 14 in Dodging
 56237 | Vaults:5 | Reached skill level 7 in Hexes
 56365 | Vaults:5 | Identified +0 gold dragon scales
 56386 | Vaults:5 | Identified the +9 hand axe of Gin and Tonic {antimagic, rF+
                  | Will+}
 56387 | Vaults:5 | +0 storm dragon scales {rare}; a storm dragon corpse
 56393 | Vaults:5 | You pick up a book of Necromancy and begin reading...
 56414 | Vaults:5 | an iron giant changed into a caustic shrike
 56414 | Vaults:5 | Noticed a caustic shrike (glowing shapeshifter)
 56417 | Vaults:5 | Killed a caustic shrike
 56469 | Vaults:5 | Identified the +0 ring mail "Qonur" {-Cast rN+ Dex+3}
 56473 | Vaults:5 | Got a silver rune of Zot
 56531 | Vaults:5 | Reached skill level 8 in Hexes
 56662 | Vaults:5 | a necromancer comes into view. It is wielding the +9 sword
                  | of Zonguldrok {reap}.
 56668 | Vaults:5 | Aim: a necromancer, wielding the +9 sword of Zonguldrok
                  | {reap} and wearing a +0 robe (73% to hit)
 56668 | Vaults:5 | Aim: a necromancer, wielding the +9 sword of Zonguldrok
                  | {reap} and wearing a +0 robe (73% to hit)
 56829 | Vaults:5 | You pick up a book of Lightning and begin reading...
 56829 | Vaults:5 | You add the spells Vhi's Electric Charge and Arcjolt to
                  | your library.
 57168 | Vaults:5 | Reached skill level 15 in Dodging
 57207 | Vaults:5 | Reached skill level 18 in Fighting
 57329 | Vaults:5 | Identified the +0 morningstar of Discord {venom, Dex+2 SInv
                  | Stlth+}
 57329 | Vaults:5 | Identified Even More Wizardry
 57569 | Vaults:5 | a vault sentinel comes into view. It is wielding the +11
                  | plutonium sword {Contam Stlth-} and carrying a wand of
                  | mindburst.
 57593 | Vaults:5 | Identified the +0 pair of gloves of Light {Int+5}
 57600 | Vaults:5 | You pick up a book of Sloth and begin reading...
 58011 | Zot:1    | Entered Level 1 of the Realm of Zot
 58175 | Zot:1    | Gained mutation: You are completely covered in large bone
                  | plates. (SH +8) [demonic ancestry]
 58175 | Zot:1    | Reached XP level 24. HP: 193/208 MP: 32/49
 58247 | Zot:1    | magus.rc [v1.9.6]
 58557 | Zot:2    | I - quicksilver dragon scales {rare}
 58642 | Zot:2    | Identified +0 gold dragon scales
 58767 | Zot:2    | quicksilver dragon scales {rare}; a quicksilver dragon
                  | corpse
 58782 | Zot:2    | magus.rc [v1.9.6]
 59271 | Zot:2    | Reached skill level 16 in Dodging
 59464 | Zot:2    | magus.rc [v1.9.6]
 59473 | Zot:1    | Noticed an electric golem
 59636 | Zot:1    | Reached skill level 20 in Spellcasting
 59645 | Zot:1    | Reached skill level 19 in Fighting
 60449 | Zot:1    | Noticed an electric golem
 60456 | Zot:1    | Identified the +7 whip of the Haunted God {freeze, rF+}
 60461 | Zot:1    | Killed an electric golem
 60492 | Zot:1    | Killed an electric golem
 60935 | Zot:3    | Reached XP level 25. HP: 222/222 MP: 31/51
 61224 | Zot:3    | Noticed an orb of fire
 61232 | Zot:3    | Reached skill level 20 in Fighting
 61236 | Zot:3    | Killed an orb of fire
 61293 | Zot:3    | You pick up a book of Chaos and begin reading...
 61419 | Zot:3    | Learned a level 8 spell: Discord
 61637 | Zot:3    | Identified +0 gold dragon scales
 61638 | Zot:3    | Reached skill level 9 in Hexes
 61670 | Zot:3    | +0 gold dragon scales {rare}; a golden dragon corpse
 61692 | Zot:3    | +0 gold dragon scales {rare}; a golden dragon corpse
 61930 | Zot:4    | +0 shadow dragon scales {rare}; a shadow dragon corpse
 61963 | Zot:4    | Reached skill level 10 in Hexes
 62008 | Zot:4    | +0 shadow dragon scales {rare}; a shadow dragon corpse
 62240 | Zot:4    | Acquired 573 gold pieces
 62983 | Slime:1  | Entered Level 1 of the Pits of Slime
 63123 | Slime:1  | Reached skill level 11 in Hexes
 63379 | Slime:3  | Reached skill level 12 in Hexes
 63676 | Slime:5  | Entered Level 5 of the Pits of Slime
 63676 | Slime:5  | Identified the +0 leather armour of New Discoveries
                  | {Rampage}
 63676 | Slime:5  | Identified the ring "Kysset" {Wiz rElec Str+2}
 63676 | Slime:5  | Identified the +1 spear "Veishur" {heavy, Str+2}
 63676 | Slime:5  | Found the necklace of Bloodlust {Fury *Rage Will++ Int-3
                  | Slay+6}
 63740 | Slime:5  | Noticed the Royal Jelly
 63811 | Slime:5  | Identified the +9 falchion of Ixzuruq {elec, rCorr Str+4
                  | Int-2}
 63825 | Slime:4  | Reached skill level 13 in Hexes
 63954 | Slime:5  | Killed the Royal Jelly
 64010 | Slime:5  | Found the +3 crown of Dyrovepreva {rElec Int+2 SInv}
 64010 | Slime:5  | Identified the staff of the Traitor {rElec rPois rC- rN+
                  | Conj}
 64010 | Slime:5  | Identified the +2 leather armour of Ruloeh {rF+}
 64033 | Slime:5  | You pick up a book of the Tundra and begin reading...
 64105 | Slime:5  | Got a slimy rune of Zot
 64548 | Depths:2 | Voluntarily entered the Abyss.
 64591 | Abyss:1  | Found a corrupted altar of Lugonu.
 64644 | Abyss:1  | Found a corrupted altar of Lugonu.
 64718 | Abyss:1  | Found a corrupted altar of Lugonu.
 64777 | Abyss:1  | Reached skill level 14 in Hexes
 65157 | Abyss:3  | Reached skill level 21 in Spellcasting
 65552 | Abyss:3  | Noticed a juggernaut
 65565 | Abyss:3  | Killed a juggernaut
 65587 | Abyss:3  | Got an abyssal rune of Zot
 65775 | Depths:2 | You pass through the gate.
 65775 | Depths:2 | Escaped the Abyss
 65952 | Zot:5    | Entered Level 5 of the Realm of Zot
 66006 | Zot:5    | Gained mutation: Spells you cast may paralyse nearby
                  | enemies. [demonic ancestry]
 66006 | Zot:5    | Reached XP level 26. HP: 235/235 MP: 33/52
 66050 | Zot:5    | +0 storm dragon scales {rare}; a storm dragon corpse
 66116 | Zot:5    | +0 storm dragon scales {rare}; a storm dragon corpse
 66198 | Zot:5    | +0 storm dragon scales {rare}; a storm dragon corpse
 66308 | Zot:5    | Reached skill level 21 in Fighting
 66353 | Zot:5    | magus.rc [v1.9.6]
 66443 | Zot:5    | Noticed an ancient lich
 66446 | Zot:5    | Noticed a curse toe
 66451 | Zot:5    | Killed an ancient lich
 66453 | Zot:5    | Killed a curse toe
 66567 | Zot:5    | Noticed an orb of fire
 66570 | Zot:5    | Gained mutation: You occasionally shout uncontrollably at
                  | your foes. [an orb of fire]
 66578 | Zot:5    | Killed an orb of fire
 66653 | Zot:5    | Noticed a dread lich
 66660 | Zot:5    | Reached skill level 22 in Spellcasting
 66660 | Zot:5    | Noticed an electric golem
 66663 | Zot:5    | Killed a dread lich
 66673 | Zot:5    | Killed an electric golem
 66719 | Zot:5    | Noticed an orb of fire
 66727 | Zot:5    | Killed an orb of fire
 66827 | Zot:5    | Got the Orb of Zot
 66917 | Zot:4    | Noticed a seraph
 67111 | D:15     | Noticed Batohooklos the pandemonium lord
 67196 | D:12     | Reached skill level 22 in Fighting
 67522 | D:$      | Escaped with the Orb!

Vanquished Creatures
  the Royal Jelly (Slime:5)
  An ancient lich (Zot:5)
  3 orbs of fire
  A juggernaut (Abyss:3)
  Josephina (Depths:2)
  2 Killer Klowns (Zot:5)
  A caustic shrike (shapeshifter) (Vaults:5)
  Norris (Depths:3)
  12 golden dragons
  A bone dragon (Abyss:3)
  A Tzitzimitl (D:1)
  3 electric golems
  Mlioglotl (Spider:3)
  A Hell Sentinel (D:3)
  15 tentacled monstrosities
  2 Ice Fiends
  10 Orb Guardians (Zot:5)
  5 liches
  A deep elf blademaster (Elf:3)
  3 quicksilver dragons
  A deep elf master archer (Elf:3)
  Frances (D:13)
  4 titans
  13 acid blobs
  5 tentacled starspawn
  7 storm dragons
  An Executioner (D:6)
  Kirke (D:13)
  10 death cobs
  3 shadow dragons
  Donald (Orc:2)
  7 tengu reavers
  3 draconian monks
  4 azure jellies
  6 vault wardens
  9 rockslimes
  Aizul (Depths:1)
  An iron dragon (Depths:4)
  4 draconian scorchers
  3 emperor scorpions
  4 frost giants
  Louise (Elf:1)
  2 fire giants
  3 draconian knights
  2 deep elf elementalists (Elf:3)
  4 deep elf sorcerers
  9 ghost moths
  3 draconian stormcallers
  A balrug (Depths:2)
  5 draconian annihilators
  A demonspawn corrupter (Zot:5)
  5 draconian shifters
  3 war gargoyles
  2 broodmothers
  10 ironbound preservers
  11 stone giants
  2 green draconians
  5 quicksilver oozes (Slime:5)
  7 formless jellyfish
  8 very ugly things
  3 ironbound thunderhulks
  4 deep elf annihilators
  5 deep elf demonologists
  5 white draconians
  4 vampire knights
  An ophan (Abyss:3)
  8 black draconians
  3 red draconians
  5 spark wasps
  A bunyip (Vaults:2)
  4 purple draconians
  14 yellow draconians
  4 blizzard demons
  2 merfolk impalers
  4 ettins
  2 deep elf high priests
  3 merfolk javelineers
  4 entropy weavers
  4 fire dragons
  8 yaktaur captains
  A hell beast (Zot:3)
  8 great orbs of eyes
  7 hydras
  5 ogre magi
  3 rakshasas
  A peacekeeper (Vaults:1)
  2 ice dragons
  A jorogumo (Spider:2)
  A caustic shrike simulacrum (Depths:1)
  4 catoblepae
  19 vault guards
  An alligator snapping turtle (Shoals:4)
  4 ironbound frosthearts
  A radroach (Spider:1)
  A satyr (Shoals:2)
  A spriggan air mage (Depths:4)
  12 centaur warriors
  3 merfolk aquamancers (Shoals:4)
  21 two-headed ogres
  13 dancing weapons
  4 boulder beetles
  A merfolk avatar (Shoals:1)
  5 tengu warriors
  2 deep troll shamans (Depths:1)
  11 death yaks
  2 demonic crawlers
  A shock serpent (Zot:1)
  A spriggan berserker (Depths:4)
  5 deep troll earth magi
  An orc high priest (Elf:2)
  9 deep elf knights
  7 hell knights
  2 thrashing horrors
  2 sun demons
  A skyshark (Shoals:1)
  A skeletal warrior (D:14)
  An iron troll (Depths:1)
  3 wretched stars
  3 sixfirhies
  2 large abominations (Abyss:3)
  A shadow wraith (Vaults:2)
  A deep troll (shapeshifter) (D:15)
  A death drake (Abyss:1)
  3 pharaoh ants
  4 glowing orange brains
  7 sea snakes
  3 orb spiders
  6 wizards
  A flayed ghost (Depths:3)
  2 lindwurms (Vaults:4)
  11 deep elf archers
  4 steelbarb worms
  14 orc knights
  9 ironbound convokers
  26 deep trolls
  9 harpies
  22 deep elf pyromancers
  A phantasmal warrior (Vaults:1)
  25 deep elf zephyrmancers
  5 necromancers
  8 wolf spiders
  An oklob plant (Zot:3)
  7 starcursed masses (Abyss:3)
  11 ugly things
  3 orc sorcerers
  A will-o-the-wisp (Abyss:3)
  3 shining eyes
  A human zombie (Vaults:5)
  8 elephants
  5 manticores
  2 cyclopes
  3 fauns
  14 moths of wrath
  2 eyes of devastation
  3 merfolk sirens
  3 water nymphs
  An apocalypse crab (Abyss:3)
  A human skeleton (Vaults:5)
  9 vault sentinels
  4 black mambas
  A torpor snail (Spider:2)
  A guardian serpent (shapeshifter) (D:15)
  An orange demon (Abyss:3)
  2 rust devils (Depths:4)
  A storm dragon simulacrum (Vaults:4)
  Maggie (Lair:2)
  3 smoke demons
  15 cane toads
  A kobold demonologist (D:9)
  2 rime drakes
  3 efreet
  An unseen horror (shapeshifter) (D:14)
  3 golden dragon simulacra
  An unseen horror (D:12)
  15 yaktaurs
  4 tengu conjurers
  13 komodo dragons
  An ice devil (Depths:2)
  7 merfolk
  2 ancient zymes (Abyss:3)
  A wind drake (Shoals:4)
  A polar bear (shapeshifter) (D:15)
  3 hellwings
  3 meliai
  7 trolls
  6 raiju
  10 polar bears
  A tengu simulacrum (Depths:2)
  A tyrant leech (shapeshifter) (Vaults:5)
  11 hornets
  7 snapping turtles
  9 tarantellas
  15 blink frogs
  9 dream sheep
  A dream sheep (shapeshifter) (Vaults:4)
  3 air elementals
  13 jumping spiders
  2 centaur simulacra
  78 slime creatures
  15 spriggans
  4 wraiths
  9 water elementals
  11 culicivoras
  A shadow (D:11)
  A vampire (D:10)
  A human (D:13)
  4 nameless horrors
  30 yaks
  6 wyverns
  A ynoxinul (Abyss:2)
  A fire bat (Abyss:3)
  Eustachio (D:7)
  5 golden eyes
  A basilisk (Lair:3)
  2 fire elementals
  A neqoxec (Abyss:3)
  A steam dragon (D:8)
  8 vampire mosquitoes
  A chaos spawn (D:14)
  31 redbacks
  Menkaure (D:6)
  3 small abominations (Abyss:3)
  2 wargs
  A floating eye (shapeshifter) (Vaults:5)
  6 water moccasins
  3 ice beasts
  25 orc warriors
  2 sky beasts
  3 black bears
  15 centaurs
  4 boggarts
  25 ogres
  30 wolves
  An ogre (shapeshifter) (Vaults:5)
  Blork the orc (D:4)
  2 kobold brigands
  14 bullfrogs
  A scorpion (shapeshifter) (D:13)
  3 earth elementals
  3 scorpions
  9 wights
  9 killer bees
  2 howler monkeys
  5 electric eels (D:13)
  2 quasits (Abyss:1)
  5 hounds
  22 orc priests
  15 jellies
  An iron imp (Abyss:3)
  3 iguanas
  Natasha (thrice) (D:2)
  A sleepcap (D:6)
  4 hell rats (D:8)
  22 orc wizards
  5 lightning spires (Zot:1)
  3 gnolls (D:7)
  9 adders
  13 river rats
  A shadow imp (D:5)
  2 white imps
  4 worms
  3 dart slugs
  52 orcs
  10 ball pythons
  6 bats
  9 endoplasms
  9 giant cockroaches
  4 goblins
  9 hobgoblins
  3 jackals (D:2)
  12 kobolds
  4 quokkas
  8 frilled lizards
  7 rats
  2 tentacles (Shoals:3)
1562 creatures vanquished.

Vanquished Creatures (collateral kills)
  Sojobo (Depths:1)
  3 shard shrikes (Depths:3)
  A Killer Klown (Zot:5)
  Parghit (Depths:4)
  A curse toe (Zot:5)
  2 golden dragons
  9 tentacled monstrosities
  Jorgrun (Spider:1)
  2 sphinxes
  Rupert (Spider:1)
  A deep elf blademaster (Elf:3)
  12 Orb Guardians (Zot:5)
  3 titans
  A deep elf master archer (Elf:3)
  5 quicksilver dragons
  7 acid blobs
  A kraken (Shoals:3)
  4 death cobs
  2 tengu reavers
  4 storm dragons
  5 shadow dragons
  Roxanne (Shoals:4)
  5 rockslimes
  An azure jelly (Slime:5)
  3 deep elf sorcerers
  4 fire giants
  2 draconian monks
  A draconian scorcher (Zot:5)
  A nargun (Depths:3)
  3 draconian knights
  2 iron dragons (Vaults:5)
  2 orc warlords
  9 vault wardens
  4 draconian shifters
  A ghost moth (Zot:3)
  2 deep elf elementalists (Elf:3)
  4 frost giants
  An angel (Abyss:3)
  15 ironbound preservers
  2 draconian stormcallers
  A demonspawn blood saint (Zot:5)
  A reaper (Depths:3)
  3 war gargoyles
  4 quicksilver oozes
  2 deep elf demonologists
  11 very ugly things
  5 draconian annihilators
  5 ironbound thunderhulks
  An ophan (Abyss:3)
  7 stone giants
  2 green draconians
  A vampire knight (Depths:4)
  3 black draconians
  2 white draconians
  4 dire elephants (Vaults:1)
  A spark wasp (Zot:1)
  4 red draconians
  11 yellow draconians
  A purple draconian (Zot:1)
  A blizzard demon (Depths:3)
  3 deep elf death magi
  2 merfolk impalers (Shoals:4)
  8 ettins
  6 fire dragons
  A deep elf high priest (Elf:3)
  2 entropy weavers (Spider:3)
  4 rakshasas
  3 ice dragons
  A great orb of eyes (Vaults:4)
  9 vault guards
  A hydra (D:13)
  7 yaktaur captains
  3 jorogumos
  3 merfolk avatars
  2 centaur warriors
  4 ironbound frosthearts
  A peacekeeper (Vaults:4)
  An ogre mage (D:13)
  2 death knights (Vaults:2)
  2 catoblepae (D:13)
  2 two-headed ogres
  5 boulder beetles
  2 alligator snapping turtles
  7 deep troll earth magi
  2 merfolk aquamancers
  10 dancing weapons
  3 deep troll shamans (Depths:4)
  4 radroaches
  2 spriggan berserkers (Depths:2)
  5 tengu warriors
  A thrashing horror (Abyss:2)
  2 demonic crawlers
  A shock serpent (Zot:1)
  9 hell knights
  8 skysharks
  5 deep elf knights
  3 skeletal warriors (D:14)
  5 iron trolls
  A storm dragon skeleton (Vaults:5)
  5 sea snakes
  A sun moth (Spider:4)
  2 pharaoh ants (Spider:3)
  8 orb spiders
  2 cherubim (Abyss:3)
  3 large abominations
  A flayed ghost (Abyss:3)
  A glowing orange brain (Depths:1)
  40 deep trolls
  3 lindwurms
  7 orc knights
  7 deep elf archers
  4 wizards
  A spriggan simulacrum (Depths:3)
  2 necromancers
  12 deep elf pyromancers
  18 ugly things
  5 steelbarb worms
  6 harpies
  11 deep elf zephyrmancers
  6 ironbound convokers
  2 nameless horrors
  A mana viper (shapeshifter) (D:15)
  A tengu skeleton (Vaults:5)
  12 wolf spiders
  12 manticores
  5 cyclopes
  11 fauns
  An oklob plant (Zot:3)
  An elephant (shapeshifter) (D:13)
  A frost giant zombie (Vaults:4)
  A human skeleton (Vaults:4)
  8 moths of wrath
  2 torpor snails (shapeshifter) (Vaults:5)
  An orange demon (Abyss:3)
  9 vault sentinels
  2 water nymphs (Shoals:1)
  6 merfolk sirens
  A titan simulacrum (Vaults:4)
  3 torpor snails
  A smoke demon (Abyss:2)
  An eye of devastation (Slime:5)
  A storm dragon simulacrum (Depths:2)
  A rime drake (shapeshifter) (D:14)
  2 efreet
  A komodo dragon (shapeshifter) (Elf:3)
  13 yaktaurs
  2 ice devils (D:13)
  7 tengu conjurers
  3 freezing wraiths (Depths:3)
  An ancient zyme (Abyss:3)
  A golden dragon simulacrum (Depths:2)
  12 merfolk
  A troll (D:14)
  A meliai (Spider:4)
  8 tarantellas
  3 wind drakes
  3 hornets (Spider:4)
  6 raiju
  A stone giant simulacrum (Depths:1)
  4 dream sheep (Shoals:3)
  4 snapping turtles
  A frost giant simulacrum (Depths:1)
  A spriggan skeleton (Depths:1)
  28 slime creatures
  A spriggan (Depths:2)
  11 jumping spiders
  13 culicivoras
  An air elemental (Elf:3)
  A basilisk (shapeshifter) (Elf:2)
  A wraith (D:13)
  A vampire (D:13)
  7 water elementals
  A ynoxinul (Abyss:3)
  A fire elemental (Elf:3)
  3 starcursed masses
  2 yaks (Lair:3)
  A golden eye (Slime:3)
  A hog (D:13)
  3 vampire mosquitoes
  34 redbacks
  2 chaos spawn
  2 wargs (Vaults:5)
  2 water moccasins (Lair:3)
  2 floating eyes (Depths:1)
  A swamp drake (shapeshifter) (Vaults:5)
  10 orc warriors
  An ettin simulacrum (Depths:3)
  3 small abominations (Abyss:3)
  A human zombie (Vaults:4)
  2 earth elementals
  An electric eel (Spider:4)
  A quasit (Abyss:3)
  An iron imp (Abyss:1)
  9 jellies (Zot:3)
  2 orc priests
  A white imp (Abyss:3)
  2 orcs
  A quokka (D:1)
  A kobold (D:8)
  A tentacle (Shoals:3)
802 creatures vanquished.

Vanquished Creatures (others)
  A dread lich (Zot:5)
  2 rockslimes (Slime:5)
  A draconian shifter (Zot:1)
  A black draconian (Zot:1)
  2 red draconians
  A green draconian (Zot:5)
  A spark wasp (Spider:4)
  A deep elf knight (Vaults:5)
  A sixfirhy (Zot:1)
  A deep elf pyromancer (Elf:2)
  A tarantella (Spider:1)
  An air elemental (Elf:3)
  A jumping spider (Spider:1)
  2 water elementals (Elf:3)
  3 humans (D:13)
  A yak (Lair:3)
  An electric eel (D:13)
  5 ball lightnings (Zot:1)
  8 foxfires (Abyss:3)
  A lurking horror (Abyss:3)
  5 tentacles (Shoals:3)
41 creatures vanquished.

Grand Total: 2405 creatures vanquished

Table legend:
 A = Non-vault XP
 B = Vault XP
 C = Vault XP percentage of total XP
 D = Non-vault monster count
 E = Vault monster count
 F = Vault count percentage of total count
                 A         B        C        D         E       F
            +---------+---------+-------+---------+---------+-------
      Total |  820023 |  589518 |  41.8 |    1509 |     817 |  35.1
            +---------+---------+-------+---------+---------+-------
        D:1 |      44 |       2 |   4.3 |      23 |       1 |   4.2
        D:2 |     118 |      35 |  22.9 |      22 |       1 |   4.3
        D:3 |      27 |      32 |  54.2 |      14 |       8 |  36.4
        D:4 |     341 |     100 |  22.7 |      17 |       1 |   5.6
        D:5 |     647 |       0 |   0.0 |      15 |       0 |   0.0
        D:6 |     961 |     172 |  15.2 |      22 |       1 |   4.3
        D:7 |    1051 |     191 |  15.4 |      18 |       1 |   5.3
        D:8 |    1061 |     291 |  21.5 |      23 |      16 |  41.0
        D:9 |    3119 |     260 |   7.7 |      18 |       2 |  10.0
       D:10 |    2143 |       0 |   0.0 |      14 |       0 |   0.0
       D:11 |    3846 |     343 |   8.2 |      17 |       1 |   5.6
       D:12 |    5409 |     246 |   4.4 |      30 |       4 |  11.8
       D:13 |    5346 |   22772 |  81.0 |      18 |      37 |  67.3
       D:14 |    8341 |    5723 |  40.7 |      20 |      10 |  33.3
       D:15 |   16287 |    4656 |  22.2 |      33 |       6 |  15.4
     Lair:1 |    5385 |     403 |   7.0 |      19 |       1 |   5.0
     Lair:2 |   10496 |    1620 |  13.4 |      27 |       5 |  15.6
     Lair:3 |    7047 |     551 |   7.3 |      27 |       5 |  15.6
     Lair:4 |   13039 |       0 |   0.0 |      38 |       0 |   0.0
     Lair:5 |   10840 |   10829 |  50.0 |      28 |      55 |  66.3
   Shoals:1 |   14489 |    1771 |  10.9 |      28 |       4 |  12.5
   Shoals:2 |   12253 |       0 |   0.0 |      23 |       0 |   0.0
   Shoals:3 |   13573 |    2447 |  15.3 |      24 |       7 |  22.6
   Shoals:4 |    4627 |   21279 |  82.1 |      10 |      37 |  78.7
   Spider:1 |   17508 |    4411 |  20.1 |      52 |       3 |   5.5
   Spider:2 |   19440 |       0 |   0.0 |      53 |       0 |   0.0
   Spider:3 |    9191 |   15889 |  63.4 |      20 |      22 |  52.4
   Spider:4 |   14333 |   15782 |  52.4 |      33 |      35 |  51.5
    Slime:1 |    9263 |       0 |   0.0 |      12 |       0 |   0.0
    Slime:2 |    4901 |       0 |   0.0 |      11 |       0 |   0.0
    Slime:3 |   10396 |    2815 |  21.3 |      29 |       4 |  12.1
    Slime:4 |    7922 |       0 |   0.0 |      15 |       0 |   0.0
    Slime:5 |   15756 |   13097 |  45.4 |      28 |       8 |  22.2
      Orc:1 |    2075 |     943 |  31.2 |      19 |       2 |   9.5
      Orc:2 |    3461 |   17436 |  83.4 |      30 |      36 |  54.5
      Elf:1 |   17053 |   20657 |  54.8 |      27 |      45 |  62.5
      Elf:2 |   25164 |    2493 |   9.0 |      42 |       3 |   6.7
      Elf:3 |   21178 |   34688 |  62.1 |      36 |      38 |  51.4
   Vaults:1 |   39933 |   26586 |  40.0 |      59 |      38 |  39.2
   Vaults:2 |   11529 |    9867 |  46.1 |      15 |      13 |  46.4
   Vaults:3 |   27811 |   14285 |  33.9 |      40 |      21 |  34.4
   Vaults:4 |   18690 |   51884 |  73.5 |      26 |      77 |  74.8
   Vaults:5 |   30070 |   78722 |  72.4 |      41 |      68 |  62.4
   Depths:1 |   43362 |    7511 |  14.8 |      55 |       4 |   6.8
   Depths:2 |   34306 |   17302 |  33.5 |      42 |      21 |  33.3
   Depths:3 |   23780 |   22841 |  49.0 |      28 |      20 |  41.7
   Depths:4 |   41108 |   22356 |  35.2 |      46 |      21 |  31.3
      Zot:1 |   45140 |   23769 |  34.5 |      36 |      31 |  46.3
      Zot:2 |   50014 |    5286 |   9.6 |      38 |       3 |   7.3
      Zot:3 |   38705 |   30153 |  43.8 |      29 |      48 |  62.3
      Zot:4 |   22288 |       0 |   0.0 |      18 |       0 |   0.0
      Zot:5 |   31280 |   66418 |  68.0 |      24 |      30 |  55.6
    Abyss:1 |    4868 |       0 |   0.0 |      13 |       0 |   0.0
    Abyss:2 |    7627 |       0 |   0.0 |      10 |       0 |   0.0
    Abyss:3 |   31381 |   10525 |  25.1 |      54 |       8 |  12.9
      Sewer |       0 |      79 | 100.0 |       0 |      15 | 100.0
            +---------+---------+-------+---------+---------+-------

Skill      XL: |  1  2  3  4  5  6  7  8  9 10 11 12 13 14 15 16 17 18 19 20 21 22 23 24 25 26 |
---------------+-------------------------------------------------------------------------------+-----
Earth Magic    | 3 4 5 6 7 |  7.0
Spellcasting   | 3 5 7 11 12 14 16 17 19 20 21 22 | 22.5
Conjurations   | 1 2 3 5 7 8 10 11 12 14 | 14.1
Fighting       | 4 5 6 9 11 12 13 17 18 19 20 22 | 22.1
Dodging        | 4 5 6 8 10 12 15 16 | 16.9
Summonings     | 3 5 9 12 | 12.5
Transmutations | 4 5 |  5.2
Ice Magic      | 3 4 |  4.6
Air Magic      | 3 4 8 9 12 15 | 15.6
Short Blades   | 4 5 8 9 |  9.6
Evocations     | 7 |  7.0
Shields        | 3 6 |  6.2
Armour         | 2 6 7 |  7.0
Stealth        | 4 |  4.9
Necromancy     | 2 6 |  6.5
Fire Magic     | 7 8 |  8.0
Hexes          | 2 8 14 | 14.1

Action                     |  1- 3 |  4- 6 |  7- 9 | 10-12 | 13-15 | 16-18 | 19-21 | 22-24 | 25-27 || total
---------------------------+-------+-------+-------+-------+-------+-------+-------+-------+-------++-------
  Melee: Unarmed           |    22 |       |       |       |       |       |       |       |       ||    22
         Dagger            |       |    34 |       |       |       |       |       |       |       ||    34
         Rapier            |       |    10 |    67 |    90 |   278 |    46 |       |       |       ||   491
         Kick              |       |       |    17 |    29 |   106 |   139 |   111 |    31 |     9 ||   442
         Punch             |       |       |     1 |     2 |     3 |       |       |       |       ||     6
         Short sword       |       |       |       |       |       |   281 |   238 |       |       ||   519
         Staff             |       |       |       |       |       |       |     9 |    44 |    13 ||    66
  Throw: Dart              |       |    10 |       |     1 |       |       |       |       |       ||    11
   Cast: Sandblast         |    53 |   111 |    94 |     8 |       |       |       |       |       ||   266
         Stone Arrow       |       |     3 |   100 |   126 |   133 |    34 |       |       |       ||   396
         Call Canine Famil |       |       |     9 |    35 |     3 |       |       |       |       ||    47
         Irradiate         |       |       |       |    36 |    20 |    13 |     3 |    20 |     5 ||    97
         Leda's Unmaking   |       |       |       |     9 |    94 |    75 |    53 |    73 |    57 ||   361
         Freezing Cloud    |       |       |       |     5 |   114 |   107 |    39 |    28 |     9 ||   302
         Spellforged Servi |       |       |       |       |    31 |   123 |    91 |    74 |    46 ||   365
         Monstrous Menager |       |       |       |       |       |    60 |    88 |    62 |    32 ||   242
         Plasma Beam       |       |       |       |       |       |     3 |   162 |   190 |   276 ||   631
         Death Channel     |       |       |       |       |       |     2 |    19 |    18 |     4 ||    43
         Borgnjor's Vile C |       |       |       |       |       |       |    22 |   123 |    29 ||   174
         Maxwell's Capacit |       |       |       |       |       |       |       |     5 |     1 ||     6
         Discord           |       |       |       |       |       |       |       |       |     5 ||     5
         Yara's Violent Un |       |       |       |       |       |       |       |       |     1 ||     1
 Invoke: Curse Item        |       |       |     4 |     5 |     4 |     3 |     1 |     1 |     2 ||    20
         Shatter the Chain |       |       |       |     3 |     2 |     1 |     3 |     1 |       ||    10
  Evoke: Wand              |       |       |       |     7 |     6 |     9 |     1 |     2 |     3 ||    28
    Use: Scroll            |       |     4 |     8 |     5 |     6 |     1 |    10 |     4 |     7 ||    45
         Potion            |       |       |     3 |     1 |       |       |       |     2 |    12 ||    18
   Stab: Sleeping          |       |     1 |     1 |     1 |     1 |     2 |     2 |       |       ||     8
         Distracted        |       |       |       |       |     3 |     9 |     8 |     2 |       ||    22
         Paralysed         |       |       |       |       |       |    12 |    10 |    10 |     2 ||    34
         Held in net/web   |       |       |       |       |       |       |       |     1 |       ||     1
 Armour: Robe              |     9 |       |       |       |       |       |       |       |       ||     9
         Leather armour    |     2 |    23 |    19 |    30 |    54 |    43 |    20 |       |       ||   191
         Troll leather arm |       |       |       |       |       |       |     3 |    48 |    27 ||    78
  Dodge: Dodged            |    43 |    43 |    95 |   129 |   217 |   229 |   171 |   245 |   107 ||  1279
  Block: Other             |     3 |    16 |    25 |    35 |    24 |       |       |       |       ||   103
         Buckler           |       |       |       |       |   191 |   338 |   156 |   170 |    98 ||   953

Illustrated notes

Table legend:
 A = Kills in this place as a percentage of kills in the entire game.
 B = Kills by you in this place as a percentage of kills by you in the entire game.
 C = Kills by friends in this place as a percentage of kills by friends in the entire game.
 D = Other kills in this place as a percentage of other kills in the entire game.
 E = Experience gained in this place as a percentage of experience gained in the entire game.
 F = Experience gained in this place divided by the number of levels of this place that you have seen.
                   A       B       C       D       E      F
               +-------+-------+-------+-------+-------+----------------------
         Total | 100.0 | 100.0 | 100.0 | 100.0 | 100.0 | 24554.7
       Dungeon |  17.1 |  22.6 |   6.6 |   0.0 |   6.6 | 6239.2
          Lair |   8.8 |  13.0 |   0.5 |   0.0 |   4.2 | 12042.0
        Shoals |   5.7 |   3.2 |  10.6 |   0.0 |   4.9 | 17609.8
   Spider Nest |   9.3 |   6.4 |  14.9 |  28.6 |   6.8 | 24138.5
    Slime Pits |   4.6 |   5.4 |   2.9 |   0.0 |   4.5 | 12830.0
  Orcish Mines |   3.7 |   5.6 |   0.1 |   0.0 |   1.7 | 11957.5
   Elven Halls |   8.2 |   7.9 |   8.6 |  14.3 |   8.5 | 40411.0
        Vaults |  17.0 |  14.1 |  22.8 |   0.0 |  21.7 | 61875.4
        Depths |  10.2 |   7.1 |  16.3 |   0.0 |  14.9 | 53224.2
           Zot |  11.2 |  10.2 |  12.7 |  57.1 |  22.3 | 63465.8
         Abyss |   3.6 |   3.5 |   3.9 |   0.0 |   3.8 | 18133.7
         Sewer |   0.6 |   1.0 |   0.0 |   0.0 |   0.0 |  79.0
               +-------+-------+-------+-------+-------+----------------------

Table legend: (Time is in decaauts)
 A = Elapsed time spent in this place.
 B = Non-inter-level travel time spent in this place.
 C = Inter-level travel time spent in this place.
 D = Time resting spent in this place.
 E = Time spent auto-exploring this place.
 F = Levels seen in this place.
 G = Mean time per level.
                   A        B        C        D        E       F      G
               +--------+--------+--------+--------+--------+-----+--------+
         Total |  67952 |  61427 |   6525 |  10016 |  36656 |  58 | 1171.6 |
       Dungeon |  22570 |  19776 |   2794 |   4616 |  11697 |  15 | 1504.7 |
        Temple |    121 |     14 |    107 |      0 |      0 |   1 |  121.0 |
          Lair |   8081 |   7332 |    749 |   1894 |   3973 |   5 | 1616.2 |
        Shoals |   3892 |   3768 |    124 |    319 |   2568 |   4 |  973.0 |
   Spider Nest |   4449 |   4169 |    280 |   1117 |   1904 |   4 | 1112.2 |
    Slime Pits |   1255 |   1160 |     95 |    103 |    412 |   5 |  251.0 |
  Orcish Mines |   2120 |   1786 |    334 |    386 |    909 |   2 | 1060.0 |
   Elven Halls |   4475 |   4094 |    381 |    521 |   2434 |   3 | 1491.7 |
        Vaults |   8308 |   7794 |    514 |    478 |   5243 |   5 | 1661.6 |
        Depths |   4950 |   4302 |    648 |    278 |   2834 |   4 | 1237.5 |
           Zot |   5821 |   5325 |    496 |    246 |   3579 |   5 | 1164.2 |
         Abyss |   1234 |   1234 |      0 |     34 |    705 |   3 |  411.3 |
        Bazaar |    196 |    196 |      0 |      0 |     79 |   1 |  196.0 |
         Sewer |    475 |    475 |      0 |     23 |    315 |   1 |  475.0 |
               +--------+--------+--------+--------+--------+-----+--------+

Top non-repeatable levels by time:
    D:13: 2462 daAuts
     D:6: 2300 daAuts
  Lair:5: 2056 daAuts
Spider:3: 1885 daAuts
Vaults:4: 1877 daAuts
Vaults:3: 1775 daAuts
Vaults:1: 1773 daAuts
    D:12: 1764 daAuts
Vaults:5: 1753 daAuts
   Elf:1: 1742 daAuts
  Lair:2: 1712 daAuts
    D:14: 1658 daAuts
   Zot:1: 1638 daAuts
   Elf:3: 1627 daAuts
    D:10: 1603 daAuts
